Workbook

Sheet Procesos y Actividades
C2: Nombre del Documento: MATRIZ DE CARACTERIZACIÓN DE PROCESOS Y ACTIVIDADES | M2: Código: M-SH-PGF-002
C3: Proceso: 14. Gestión Financiera y Fiscal | M3: Fecha: 08/05/2026
C4: Objetivo del Proceso: Formular, dirigir y evaluar la Política Fiscal del municipio mediante la planeación financiera, gestión presupuestal y análisis contable, con el fin de garantizar la disponibilidad y transparencia en la administración de los recursos financieros legales. | M4: Versión: 005
C5: Alcance del Proceso: El proceso inicia con la dirección de la Secretaría de Hacienda teniendo como soporte la normatividad nacional y municipal, así como los planes de gobierno, y finaliza con la actividad gestión de ingresos que se dinamiza mediante las operaciones de tesorería, liquidación y fiscalización y las ejecuciones fiscales. | M5: Página: 1 de 1
B7: Proveedores | D7: Entradas | G7: Actividades - Operaciones | K7: Salidas | M7: Usuarios
G9: 14.1 Dirección
G10: Operaciones
B11: Departamento administrativo de Función Pública. | D11: Manual de Contratación | G11: a. Contratación | K11: Contratos de servicios profesional y apoyo a la gestión | M11: SecretarÍa de Hacienda
B12: Secretaria de Hacienda | D12: Código de Rentas | K12: Justificación de necesidades de bienes y servicios | M12: Departamento Administrativo Juridico
B13: DAFP | D13: Normatividad | K13: Justificación de necesidades de bienes y servicios | M13: Departamento Administrativo de Bienes y Suministros
B14: Congreso de la República | D14: Código de Procedimiento Administrativo ( ley 1437 de 2011) Normatividad | G14: b. Proyección y elaboración de actos administrativos | K14: Notificaciones de la administración tributaria | M14: Corporación Concejo Municipal de Armenia
K15: Notificaciones de la administración tributaria | M15: Consejo Municipal de Política Fiscal (COMFIS)
B16: Departamento Nacional de Planeación-DNP | D16: Acuerdo de Autorización para endeudamiento | G16: c. Deuda Pública | K16: Plan Financiero y capacidad de endeudamiento. . | M16: Usuarios Internos y externos, Entes de control y Entidades financieras
B17: Congreso de la República | D17: Normatividad: Ley 358 de 1997 | K17: Certificado de capacidad de endeudamiento y calificación del riesgo | M17: Entidades Financieras
B18: Contabilidad | D18: Estados financieros | K18: Proyecto de Acuerdo autorización operación del crédito | M18: Concejo Municipal
K19: Contratos de empréstito de deuda pública y pagares | M19: Secretaría de Hacienda
K20: Seguimiento a la deuda. | M20: Secretaria de Hacienda
K21: Modificaciones de deuda | M21: Secretaria de Hacienda
B22: Contribuyente y usuarios | D22: Derechos de Petición - PQRSD | G22: d. Exoneraciones y exclusiones | K22: Acto Administrativo | M22: Tesorería Contribuyente
B23: Departamento administrativo de Función Pública. | D23: Normatividad
B25: Gobierno Nacional, Congreso de la República, Asamblea Departamental del Quindío, Corporación Concejo Municipal de Armenia | D25: Planes de Desarrollo | G25: e. Planeación estratégica | K25: Plan de acción | M25: Departamento Administrativo de Planeación, Control Interno, Entes de control y Juntas administradoras locales
B26: Gobierno Nacional | D26: Decreto 1499 de 2017 | K26: Proyectos y avances | M26: PIIP-Plataforma integrada de inversión pública
B27: Congreso de la República | D27: Normatividad | K27: Matriz de caracterización de procesos y procedimientos normalizadas | M27: Sistema de Calidad
B28: Departamento Nacional de Planeación-DNP | D28: Plataforma PIIP, MGA, SGR | K28: Matrices de no conformidad normalizadas | M28: Sistema de Calidad
B29: Concejo Municipal de Armenia | D29: Acuerdos | K29: Matrices de riesgos normalizadas | M29: Departamento Administrativo de Planeación, Control Interno.
K30: Planes de mejora | M30: Entes de control externos e interno
K31: Acciones correctivas, preventivas y detectivas | M31: Sistema de Calidad
K32: Seguimiento a planes de mejora | M32: Entes de control
G34: 14.2 Gestión Financiera
G35: 14.2.1 Presupuesto
G36: Operaciones
B37: Departamento Administrativo Planeación | D37: Plan Operativo Anual de Inversiones POAI | G37: a. Elaboración del Proyecto del Presupuesto Municipal | K37: Proyecto de acuerdo presupuesto municipal con anexos | M37: Usuarios internos y externos y entes de control
B38: Secretaría de Hacienda | D38: Deuda pública
B39: Departamento Administrativo de Bienes y Suministros, DAFI | D39: Gastos de funcionamiento
B40: Departamento Juridico, Normograma | D40: Normatividad interna y externa
B41: Secretaria de Hacienda | D41: Distribución de Techos Presupuestales
B42: Secretaria de Hacienda | D42: Marco fiscal MFMP
B43: Área de Presupuesto | D43: Proyecto de acuerdo de presupuesto municipal con anexos (Plan anual de inversiones, proyecto de rentas y gastos y el resultado fiscal). | G43: b. Presentación y liquidación del presupuesto municipal | K43: Proyecto de presupuesto aprobado por el Concejo y con sus anexos Decreto de liquidación del presupuesto | M43: Usuarios internos y externos y entes de control
B44: Todas las dependencias | D44: Información desagregada de las áreas, departamentos y los rubros y arbol presupuestal de cada una de las dependencias
B45: Planeación | D45: Banco de proyectos | G45: c. Ejecución de presupuesto y cierre presupuestal | K45: PAC - Programa anual mensualizado de caja Certificados y registros presupuestales Acta de cierre presupuestal (validar saldos de cada uno de los rubros presupuestal verificando deficit o superavit ) Modificaciones presupuestales para el COMFIS | M45: Usuarios internos.
B46: Todas las dependencias | D46: solicitudes de certicados de disponibilidad presupuestal y registro presupuestal - Ejecuciones presupuestal
B47: Juridica | D47: Acuerdo 181 de 2020
B48: Area de Presupuesto Todas las dependencias | D48: Ejecuciones Presupuestales del periodo del informe | G48: d. Presentación de informes | K48: Informes finales: ( FUT: Formulario único territorial, cuipo : Categoria única de información del presupuesto ordinario) | M48: Entes de control, Contaduria General de la Nación Ministerio de Salud y Protección social
B49: Area de Presupuesto | D49: Modificaciones presupuestales presentadas al COMFIS Solicitud de modificación al presupuesto | G49: e. Modificaciones Presupuesto | K49: Registro Presupuestal o Certificado Presupuestal modificado | M49: Todas las dependencias
B50: Todas las dependencias | D50: Solicitudes de certificados y registros presupuestales | G50: f. Expedición de Certificados y Registros Presupuestales. | K50: Certificados y Registros presupuestales | M50: Todas las dependencias
G52: 14.2.2 Contabilidad
G53: Operaciones
B54: Contratista | D54: Cuenta de cobro | G54: a. Tramite de Elaboración de Cuentas | K54: orden pago | M54: Tesorería
B55: Proveedor | D55: Cuenta de cobro | K55: orden pago | M55: Tesorería
B56: DAFI | D56: Planillas de seguridad social relación de nómina Integración al sistema y socialización al correo nómina abierta cuadros de seguridad social resumidos, planilla y novedades | G56: b. Tramite de Nóminas y Prestaciones Sociales | K56: orden de pago | M56: Tesorería
B57: AMABLE | D57: Hechos económicos que ocurren en la dependencia y que tengan relacion con la administración Municipal | G57: c. Consolidación de la Información de las Dependencias que no se encuentran en Red. | K57: Estados financieros trimestrales | M57: Usuarios internos y externos Entes de control
B58: EDUA | D58: Hechos económicos que ocurren en la dependencia y que tengan relacion con la administración Municipal | K58: Estados financieros trimestrales | M58: Usuarios internos y externos Entes de control
B59: Fomvivienda | D59: Hechos económicos que ocurren en la dependencia y que tengan relacion con la administración Municipal | K59: Estados financieros trimestrales | M59: Usuarios internos y externos Entes de control
B60: personeria Municipal | D60: Hechos económicos que ocurren en la dependencia y que tengan relacion con la administración Municipal | K60: Estados financieros trimestrales | M60: Usuarios internos y externos Entes de control
B61: Concejo Municipal | D61: Hechos económicos que ocurren en la dependencia y que tengan relacion con la administración Municipal | K61: Estados financieros trimestrales | M61: Usuarios internos y externos Entes de control
B62: Empresas Publicas de Armenia (EPA) | D62: Hechos económicos que ocurren en la dependencia y que tengan relacion con la administración Municipal | K62: Estados financieros trimestrales | M62: Usuarios internos y externos Entes de control
B63: Red salud Armenia | D63: Hechos económicos que ocurren en la dependencia y que tengan relacion con la administración Municipal | K63: Estados financieros trimestrales | M63: Usuarios internos y externos Entes de control
B64: Corporación de Cultura y Turismo (Corpocultura) | D64: Hechos económicos que ocurren en la dependencia y que tengan relacion con la administración Municipal | K64: Estados financieros trimestrales | M64: Usuarios internos y externos Entes de control
B65: Instituto Municipal del Deporte y la Recreación de Armenia IMDERA | D65: Hechos económicos que ocurren en la dependencia y que tengan relacion con la administración Municipal | K65: Estados financieros trimestrales | M65: Usuarios internos y externos Entes de control
B66: AMABLE | D66: Hechos económicos que ocurren en la dependencia y que tengan relacion con la administración Municipal | G66: d. Preparación, Elaboración y Reporte Contable CHIP | K66: Estados financieros trimestrales | M66: Contaduria General de la Nación
B67: EDUA | D67: Hechos económicos que ocurren en la dependencia y que tengan relacion con la administración Municipal | K67: Estados financieros trimestrales | M67: Contaduria General de la Nación
B68: Fomvivienda | D68: Hechos económicos que ocurren en la dependencia y que tengan relacion con la administración Municipal | K68: Estados financieros trimestrales | M68: Contaduria General de la Nación
B69: personeria Municipal | D69: Hechos económicos que ocurren en la dependencia y que tengan relacion con la administración Municipal | K69: Estados financieros trimestrales | M69: Contaduria General de la Nación
B70: concejo Municipal | D70: Hechos económicos que ocurren en la dependencia y que tengan relacion con la administración Municipal | K70: Estados financieros trimestrales | M70: Contaduria General de la Nación
B71: Empresas Publicas de Armenia (EPA) | D71: Hechos económicos que ocurren en la dependencia y que tengan relacion con la administración Municipal | K71: Estados financieros trimestrales | M71: Contaduria General de la Nación
B72: Red salud Armenia | D72: Hechos económicos que ocurren en la dependencia y que tengan relacion con la administración Municipal | K72: Estados financieros trimestrales | M72: Contaduria General de la Nación
B73: corparacion de cultura y turismo (corpocultura) | D73: Hechos económicos que ocurren en la dependencia y que tengan relacion con la administración Municipal | K73: Estados financieros trimestrales | M73: Contaduria General de la Nación
B74: Instituto Municipal del Deporte y la Recreación de Armenia IMDERA | D74: Hechos económicos que ocurren en la dependencia y que tengan relacion con la administracion Municpial | K74: Estados financieros trimestrales | M74: Contaduria General de la Nación
B75: Contabilidad | D75: Estados financieros | G75: e. Preparación y Presentación otros Informes | K75: Rendición de cuentas anual Reporte de operaciones reciprocas trimestrales Informe Plan de Acción Personal y Costos | M75: Entes de control Contaduria General de la Nación Secretaría de Hacienda Contaduria General de la Nacion
B76: Sistema de calidad | D76: auditorias | K76: Hallazgos | M76: Entes de control Contaduria General de la Nación Secretaría de Hacienda Contaduria General de la Nacion
B77: Entes de control | D77: auditorias | K77: Hallazgos | M77: Entes de control Contaduria General de la Nación Secretaría de Hacienda Contaduria General de la Nacion
B78: Secretaria de salud | D78: Información de hechos económicos | G78: f. Preparación y Presentación de Información exógena a la DIAN | K78: Reporte de información exógena | M78: DIAN Usuarios internos y externos
B79: Secretaria de Tránsito y transporte | D79: Información de hechos económicos | K79: Reporte de información exógena | M79: DIAN Usuarios internos y externos
B80: Departamento Administrativo de Fortalecimiento institucional(DAFI) | D80: Información de hechos económicos | K80: Reporte de información exógena | M80: DIAN Usuarios internos y externos
B81: Departamento administrativo Jurídico | D81: Información de hechos económicos | K81: Reporte de información exógena | M81: DIAN Usuarios internos y externos
B82: Tesorería Municipal | D82: Información de hechos económicos | K82: Reporte de información exógena | M82: DIAN Usuarios internos y externos
B83: Secretaría de Educación | D83: Información de hechos económicos | K83: Reporte de información exógena | M83: DIAN Usuarios internos y externos
B84: Tesorería | D84: Relación de los terceros que son deudores morosos acorde a los topes establecidos en el BDME, para inclusión en las fechas requeridas por el CHIP | G84: g. Preparación y Presentación del Boletín de deudores morosos del Estado | K84: Boletin de deudores morosos | M84: Usuarios internos y externos Contaduria General de la Nacion.
B85: Departamento Administrativo de fortalecimiento institucional(DAFI) | D85: Relación de los terceros que son deudores morosos acorde a los topes establecidos en el BDME, para inclusión en las fechas requeridas por el CHIP | K85: Boletin de deudores morosos | M85: Usuarios internos y externos Contaduria General de la Nacion.
B86: Instituciones financieras | D86: Libros contables y libros financieros Extractos bancarios | G86: h. Conciliación Bancaria | K86: Conciliaciones bancarias | M86: Tesorería entes de control
B87: Sistema contable | D87: Libros contables y libros financieros Extractos bancarios | K87: Conciliaciones bancarias | M87: Tesorería entes de control
B88: Tesoreria | D88: Cheques girados y no reclamados Notas debito no respaldadas Notas crédito no respaldadas y consignaciones no identificadas Efectivo sin subsanar | G88: i. Depuración de partidas conciliatorias en el Ingreso / Gasto. | K88: Ajuste Contable o Financiero | M88: Tesorería o Contabilidad
B89: Contabilidad | D89: libros auxiliares sabanas de ingresos sabanas de egresos | G89: j. Conciliación Presupuestal | K89: Conciliación Presupuestal | M89: Presupuesto
B90: Presupuesto | D90: libros auxiliares sabanas de ingresos sabanas de egresos | K90: Conciliación Presupuestal | M90: Presupuesto
B91: DIAN | D91: Calendario Tributario | G91: k. Preparación y Presentación de Declaraciones Tributarias DIAN - Retención en la Fuente | K91: Declaraciones retención en la fuente | M91: DIAN Entes de control
B92: Secretaria de Tránsito y Transporte | D92: Certificados de valores retenidos | K92: Declaraciones retención en la fuente | M92: DIAN Entes de control
B93: Tesorería DAFI | D93: Relación de los terceros que son deudores morosos acorde a los topes establecidos en el BDME, para inclusión en las fechas requeridas por el CHIP | G93: g. Preparación y Presentación del Boletín de deudores morosos del Estado | K93: Boletin de deudores morosos | M93: Usuarios internos y externos Contaduria General de la Nacion.
B94: Instituciones financieras Sistema contable PCT Contable | D94: Libros contables y libros financieros Extractos bancarios Conciliación del periodo anterior | G94: h. Conciliación Bancaria | K94: Conciliaciones bancarias | M94: Tesorería
B95: Tesoreria Contable | D95: Cheques girados y no reclamados Notas débito no respaldadas Notas crédito no respaldadas y consignaciones no identificadas Efectivo sin subsanar | G95: i. Depuración de partidas conciliatorias en el Ingreso / Gasto. | K95: Ajuste Contable o Financiero | M95: Tesorería o Contabilidad
B96: Contabilidad Presupuesto | D96: Libros auxiliares Sabanas de ingresos Sabanas de egresos | G96: j. Conciliación Presupuestal | K96: Conciliación Presupuestal | M96: Presupuesto
B97: DIAN Secretaria de Tránsito y Transporte | D97: Calendario Tributario Certificados de valores retenidos | G97: k. Preparación y Presentación de Declaraciones Tributarias DIAN - Retención en la Fuente | K97: Declaraciónes retención en la fuente | M97: DIAN Entes de control
G99: 14.3 Inteligencia Tributaria
G100: Operaciones
B101: Departamento administrativo de función pública. | D101: Normatividad | G101: a. Recolección y análisis de datos. | K101: Bases de datos, indicadores inmobiliarios, fiscal y tributario | M101: Áreas de la Secretaria de Hacienda Entes de control Comunidad
B102: DNP | D102: Bases de datos de la parte inmobiliaria, fiscal, tributaria y económica.
G104: 14.4 Gestión de Ingresos
G105: 14.4.1 Tesorería
G106: Operaciones
B107: ·Área de contabilidad | D107: ·Órdenes de pago de nómina, proveedores y contratistas con documentos soporte | G107: a. Área Financiera- Pago Causaciones | K107: ·Comprobantes de egreso ·Giros de pagos cheque o Transferencia Electrónica | M107: ·Proveedores y contratistas ·Empleados y jubilados del Municipio
B108: ·Central de cuentas | D108: ·Partidas conciliatorias por ajustar | K108: ·Partidas conciliatorias ajustadas | M108: ·Area de contabilidad
...

Sheet 14.1 Dirección
F1: =+'Procesos y Actividades'!M2 -> Código: M-SH-PGF-002 | G1: =+'Procesos y Actividades'!M3 -> Fecha: 08/05/2026 | H1: =+'Procesos y Actividades'!M4 -> Versión: 005
A2: # | B2: Tareas | D2: PHVA | E2: Punto de Control | F2: Responsable | G2: Registro/Evidencias | H2: Serie y subserie
A3: Actividad: 14.1 Dirección
A4: Operación: a. Contratación
A5: 1 | B5: Planificar e identificar las necesidades y cantidades de contratistas a requerir para el cumplimiento de los planes y actividades a realizarse en la Secretaria de hacienda. | D5: P | F5: Secretario (a) Hacienda Profesional Universitario Funcionario designado por el área | G5: Plan de Contratación | H5: SERIE: CONTRATOS SUBSERIE: Contratos de prestación de servicios
A6: 2 | B6: Recibir los documentos requeridos para la contratación de la Secretaria de hacienda para la validación del SIGEP. | D6: H | E6: Revisar los documentos expedidos | F6: Secretario (a) Hacienda Profesional Universitario Funcionario designado por el área | G6: SIGEP Evidencia punto de control: Lista de chequeo contratos de prestación de servicios profesionales y/o apoyo a la gestión.
A7: 3 | B7: Realizar parte de la publicación del proceso precontractual y contractual. | D7: H | F7: Secretario (a) Hacienda Profesional Universitario Funcionario designado por el área . | G7: SECOP II
A8: 4 | B8: Publicar y firmar los documentos de contratación en la plataforma SECOP II | D8: H | F8: Secretario (a) Hacienda Profesional Universitario Funcionario designado por el área | G8: SECOP II
A9: 5 | B9: Realizar la solicitud de el registro presupuestal en la plataforma PCT y realizar la afiliación a ARL de los contratistas de la Secretaria de Hacienda | D9: H | F9: Secretario (a) Hacienda Profesional Universitario Funcionario designado por el área | G9: Plataforma ARL
A10: 6 | B10: Realizar la publicación del contrato en la plataforma SIA observa. | D10: H | F10: Secretario (a) Hacienda Profesional Universitario Funcionario designado por el área. | G10: SIA
A11: 7 | B11: Realizar el seguimiento de los procesos de contratación según el manual vigente | D11: V | F11: Secretario (a) Hacienda Profesional Universitario Funcionario designado por el área. | G11: Expedientes contractuales
A12: 8 | B12: Formular y ejecutar acciones correctivas y preventivas de mejora, planes de mejoramiento y actividades de autocontrol. | D12: A | F12: Secretario (a) Hacienda Profesional Universitario Funcionario designado por el área. | G12: Informe de acciones correctivas | H12: SERIE: PLANES SUBSERIE: Planes de Acción Institucional
A14: Recursos: Equipo de Oficina –Equipo de Cómputo- Recurso Humano. Documentación Aplicada: Código de rentas, Decreto 135, Código de procedimiento Administrativo y de lo Contencioso Administrativo (Ley 1437 2011), Ley 1150, Manual de contratación vigente, Decreto 1499 de 2017.
A16: Operación: b. Proyección y elaboración de actos administrativos
A17: 1 | B17: Planificar e identificar la necesidad y recurrencia de documentos administrativos en procesos de la Secretaria de Hacienda. | D17: P | F17: Secretario (a) Hacienda Profesional Universitario Funcionario designado por el área | G17: Documentos Administrativos | H17: SERIE: ACTOS ADMINISTRATIVOS SUBSERIE: Resoluciones administrativas SERIE: DERECHOS DE PETICIÓN SERIE: INFORMES SUBSERIE: Informes de Gestión SERIE: ACTAS SUBSERIE: Actas de Comité Operativo
A18: 2 | B18: Preparar y expedir los Actos Administrativos, derechos de petición, como también los contratos para la ejecución del proceso Financiero. | D18: H | F18: Secretario (a) Hacienda Profesional Universitario Funcionario designado por el área | G18: Actos Administrativos Derechos de Petición
A19: 3 | B19: Realizar el respectivo informe de las juntas de impuestos y comités de conciliaciones municipales que se presenten en la dependencia. | D19: H | E19: Elaborar un formato de informe de manera que se logre la parametrización del mismo. | F19: Secretario (a) Hacienda Profesional Universitario Funcionario designado por el área | G19: Informes Evidenca punto de control: Formato de informe parametrizado
A20: 4 | B20: Verificar que el proceso expedición de actos administrativos y derechos de petición se estén realizando efectivamente y que los documentos lleguen a su receptor. | D20: V | F20: Secretario (a) Hacienda Profesional Universitario Funcionario designado por el área | G20: Actos Administrativos Derechos de Petición Contratos
A21: 5 | B21: Formular y ejecutar acciones correctivas y preventivas de mejora, planes de mejoramiento y actividades de autocontrol. | D21: A | F21: Secretario (a) Hacienda , Profesional Universitario | G21: Actas comité operativo y planes de mejoramiento.
A23: Recursos: Equipo de Oficina –Equipo de Cómputo- Recurso Humano. Documentación Aplicada: Código de rentas, Decreto 135, Decreto 1499 de 2017, Código de procedimiento Administrativo y de lo Contencioso Administrativo (Ley 1437 2011), Ley 1150
A25: Operación:c. Deuda Pública
A26: 1 | B26: Planificar la programación de la Deuda Pública, incluyendo las necesidades de financiamiento de proyectos según el Plan de Desarrollo Municipal. | D26: P | F26: Secretario (a) Hacienda Profesional Universitario Jefe de oficina (Jefatura Financiera). | G26: Plan Financiero y Capacidad de Endeudamiento | H26: SERIE: INFORMES SUBSERIE: Informes de deuda pública
A27: 2 | B27: Proyectar e identificar los posibles pagos derivados del servicio de la deuda según los créditos contratados. | D27: P | F27: Secretario (a) Hacienda Profesional Universitario Jefe de oficina (Jefatura Financiera). | G27: Proyecciones de Pagos
A28: 3 | B28: Realizar los estudios correspondientes y análisis con la firma calificadora autorizada, en materia de capacidad de endeudamiento del Municipio. | D28: H | F28: Secretario (a) Hacienda Profesional Universitario Jefe de oficina (Jefatura Financiera). | G28: Certificado de capacidad de endeudamiento y calificación de riesgo
A29: 4 | B29: Realizar las proyecciones financieras que permiten la consolidación del Proyecto de Acuerdo para solicitarle al Concejo Municipal, autorización para la celebración de operaciones de crédito público. | D29: H | F29: Secretario (a) Hacienda Profesional Universitario Jefe de oficina (Jefatura Financiera). | G29: Proyecto de Acuerdo Autorización operación de Crédito
A30: 5 | B30: Presentar ante el COMFIS, las propuestas para contratar operaciones de crédito público, enviadas por las diferentes entidades financieras con el fin de que estas sean evaluadas y así aprobar las mejores condiciones crediticias. | D30: H | E30: Realizar analisis financiero de tiempos y tasas ofrecidas por entidades financieras | F30: Secretario (a) Hacienda Profesional Universitario Jefe de oficina (Jefatura Financiera). | G30: Acta de COMFIS aprobada Evidencia control: análisis financiero en excel
A31: 6 | B31: Contratar recursos con la Banca Financiera conforme a la operación de crédito autorizada por el Concejo Municipal y por el COMFIS. | D31: H | F31: Secretario (a) Hacienda Profesional Universitario Jefe de oficina (Jefatura Financiera). | G31: Contratos de Empréstito de Deuda Publica y pagares
A32: 7 | B32: Registro de los contratos de empréstitos ante el Ministerio de Hacienda y Crédito Público y la Contraloría Municipal. | D32: H | F32: Secretario (a) Hacienda Profesional Universitario Jefe de oficina (Jefatura Financiera). | G32: Certificaciones de Registro y de Publicación
A33: 8 | B33: Realizar los respectivos desembolsos de acuerdo a la necesidad de recursos que tengan las diferentes Dependencias del Municipio que vayan a desarrollar la inversión | D33: H | F33: Secretario (a) Hacienda Profesional Universitario Jefe de oficina (Jefatura Financiera). | G33: Pagarés y notas de desembolso
A34: 9 | B34: Realizar el correspondiente pago de Capital y de intereses según el cronograma de pagos con sus respectivos soportes presupuestales y contables | D34: H | F34: Secretario (a) Hacienda Profesional Universitario Jefe de oficina (Jefatura Financiera). | G34: Registro Presupuestal, Causación y soporte del Banco
A35: 10 | B35: Realizar informe del Estado de la Deuda Pública mensualmente y presentarlo a la Contraloría Municipal los tres primeros días de cada mes. | D35: H | F35: Secretario (a) Hacienda Profesional Universitario Jefe de oficina (Jefatura Financiera). | G35: Informe del estado de la Deuda Pública
A36: 11 | B36: Realizar informe del SEUD mensualmente y presentarlo al Ministerio de Hacienda y Crédito Público por correo electrónico los primeros 5 días de cada mes. | D36: H | F36: Secretario (a) Hacienda Profesional Universitario Jefe de oficina (Jefatura Financiera). | G36: Informe del SEUD
A37: 12 | B37: Ajustar constantemente los valores a pagar del servicio de la deuda de acuerdo a las variaciones de los intereses DTF e IBR. | D37: H | F37: Secretario (a) Hacienda Profesional Universitario Jefe de oficina (Jefatura Financiera). | G37: Proyecciones de Pagos
A38: 13 | B38: Verificar que todos los pagos de Deuda Pública se estén realizando en las fechas establecidas y las cifras proyectadas | D38: V | F38: Secretario (a) Hacienda Profesional Universitario Jefe de oficina (Jefatura Financiera). | G38: Archivo en Excel
A39: 14 | B39: Formular y ejecutar acciones correctivas y preventivas de mejora, planes de mejoramiento y actividades de autocontrol. | D39: A | F39: Secretario (a) Hacienda Profesional Universitario Jefe de oficina (Jefatura Financiera). | G39: Informe de acciones correctivas | H39: SERIE: ACTAS SUBSERIE: Actas de comité operativo SERIE: PLANES SUBSERIE: Planes de Acción Institucional
A41: Recursos: Equipo de Oficina –Equipo de Cómputo- Recurso Humano. Documentación Aplicada: Constitución Política, Ley 132 1994; Ley 152 de 1994, Ley 1551 de 2012, Plan Nacional de Desarrollo, Instructivo para entidades territoriales de formulación Plan de Desarrollo del DNP, programa de gobierno, ISO 9001:2015- Ley 136 1994; Ley 152 de 1994, Plan de desarrollo Municipal de Armenia. Ley 819 de 2003, Ley 358 de 1997 y la Ley 617 de 2000, Ley 80 de 1993, Ley 1150 de 2007, Decreto 734 de 2012, Ley 1437 de 2011, Plan de Acción, Decreto Delegación Para Contratar, Ley 80 de 1993 artículo 100 del Acuerdo No. 032 de 1996. Decreto 2681 de 1993, ISO 9001:2015. Articulo 295 y 364 Constitución Política, articulo 236 decreto 1333 de 1986, articulo 41 Ley 80 de 1993, Ley 819 de 2003, artículo 100 del Acuerdo No. 032 de 1996, Ley 358 de 1997, Ley 617 de 2000, Decreto 1499 de 2017.
A43: Operación:d. Exoneraciones y exclusiones
A44: 1 | B44: Establecer normas internas y procedimientos para la aplicación de exoneraciones y exclusiones | D44: P | F44: Secretario (a) Hacienda Profesional Universitario Jefe de oficina | G44: Estatuto Tributario | H44: SERIE: ACTOS ADMINISTRATIVOS SUBSERIE: Resoluciones administrativas SERIE: DERECHOS DE PETICIÓN SERIE: INFORMES SUBSERIE: Informes de Gestión SERIE: ACTAS SUBSERIES: Actas de reuniones
A45: 2 | B45: Identificar los tipos de exoneraciones y exclusiones vigentes en predial, industria y comercio, estampillas, intereses, sanciones y otros | D45: P | F45: Secretario (a) Hacienda Profesional Universitario Jefe de oficina | G45: Acta de reunión donde se establecen los parametros
A46: 3 | B46: Recepción de solicitudes por los diferentes medios autorizados | D46: H | F46: Secretario (a) Hacienda Profesional Universitario Jefe de oficina | G46: Radicado generado en intraweb
A47: 4 | B47: Revisión preliminar validando requisitos, radicación y completitud de documentos | D47: H | F47: Secretario (a) Hacienda Profesional Universitario | G47: Lista de chequeo
A48: 5 | B48: Elaboración del concepto técnico, jurídico o financiero según tipo de beneficio | D48: H | E48: Validación de solicitud de exoneración o exlcusión | F48: Secretario (a) Hacienda Profesional Universitario Jefe de oficina | G48: Resolución Evidencia punto de control: registro devolución por intraweb
A49: 6 | B49: Expedición del acto administrativo aprobando o negando la exoneración o exlcusión | D49: H | F49: Secretario (a) Hacienda Profesional Universitario Jefe de oficina | G49: Resolución
A50: 7 | B50: Notificación al contribuyente en los terminos de ley | D50: H | F50: Secretario (a) Hacienda Profesional Universitario Jefe de oficina | G50: Registro en Intraweb
A51: 8 | B51: Actualización del sistema tributario | D51: H | F51: Secretario (a) Hacienda Profesional Universitario Jefe de oficina (Tesoreria). | G51: Aplicación en el sistema tributario
A52: 9 | B52: Controlar la correcta aplicación de las exoneraciones y exclusiones otorgadas | D52: V | F52: Secretario (a) Hacienda Profesional Universitario Jefe de oficina | G52: Reporte del sistema de la factura generada
A53: 10 | B53: Implementar mejoras de ajustes al proceso con base en los hallazgos de la fase de control. | D53: A | F53: Secretario (a) Hacienda Profesional Universitario Jefe de oficina | G53: Acta final donde se generen las acciones de mejora
A55: Recursos: Equipo de Oficina –Equipo de Cómputo- Recurso Humano. Documentación Aplicada: Estatuto Tributario Nacional, Acuerdo 017 de 2012, Constitución Política – Código de Procedimiento Administrativo y de lo Contencioso administrativo, ISO 9001:2015, Decreto 1499 de 2017. Estatuto Tributario Municipal,
A56: Operación: e. Planeación Estratégica
A57: 1 | B57: Estructurar los programas y sub programas del proceso financiero, con sus correspondientes metas de resultados y productos para la construcción del plan de desarrollo. | D57: P | F57: Secretario (a) Hacienda, Subsecretario de Hacienda | G57: Proyectos Formulados en las plataformas indicadas para tal fin | H57: SERIE: PLANES SUBSERIE: Planes de Acción Institucional
A58: 2 | B58: Construir el Plan indicativo, plan de Acción, matriz de riesgos y controles y proyectos correspondientes a Secretaria de Hacienda.. | D58: H | F58: Secretario (a) Hacienda, Subsecretario de Hacienda, Profesional especializado | G58: Plan Indicativo, Plan de Acción y seguimierto a Proyectos
A59: 3 | B59: Suscribir planes de mejoramiento con las contralorías municipal, general y con el departamento administrativo de control interno. | D59: H | F59: Secretario (a) Hacienda, Subsecretario de Hacienda, Profesional especializado | G59: Seguimiento Planes de Mejoramiento | H59: SERIE: INFORMES SUBSERIE: Informes a organismos de control y vigilancia SERIE: ACTAS SUBSERIE: Actas de Comité Operativo
A60: 4 | B60: Implementar el Modelo Integrado de Planeación y Gestión | D60: H | F60: Secretario (a) Hacienda, Subsecretario de Hacienda, Profesional especializado | G60: Política de Gestión Presupuestal y Eficiencia del Gasto Público | H60: SERIE: INFORMES SUBSERIE: De la administración Municipal
A61: 5 | B61: Realizar el proceso de recolección de la información para la Medición Del Desempeño Institucional MDI a través del reporte anual de información por medio del formulario Único de Reporte y Avance de Gestión FURAG | D61: H | F61: Secretario (a) Hacienda, Subsecretario de Hacienda, Profesional especializado | G61: Formato FURAG | H61: SERIE: INFORMES SUBSERIE: De la administración Municipal
A62: 6 | B62: Consolidar la información recopilada de las diferentes operaciones del proceso Gestión Financiera y Fiscal para la presentación de Informes de Gestión y Rendición de Cuentas | D62: H | F62: Secretario (a) Hacienda, Subsecretario de Hacienda, Profesional especializado | G62: Informes de Gestión | H62: SERIE: INFORMES SUBSERIE: De gestión
A63: 7 | B63: Monitoreo, seguimiento y control de las metas del Plan de Desarrollo Municipal, Plan de acción y Planes de mejoramiento. | D63: V | F63: Secretario (a) Hacienda, Subsecretario de Hacienda, Profesional especializado | G63: Seguimiento Plan Indicativo, Plan de Acción y Proyectos, Matriz de Riesgos y Actas de Comité Operativo | H63: SERIE: Planes SUBSERIE: De acción SERIE: Actas SUBSERIE: Comité Operativo
A64: 8 | B64: Dar Tratamiento, manejo y seguimiento a los riesgos operativos y de corrupción así como a los demás riesgos que se implementen con la actualización de la nueva versión de la Política de Riesgos. | D64: V | F64: Secretario (a) Hacienda, Subsecretario de Hacienda, Profesional especializado | G64: Matrices de Riesgos y hojas de vida de indicadores de riesgos | H64: SERIE: Actas SUBSERIE: Comité Operativo SERIE: Planes SUBSERIE: De Mejoramiento
A65: 9 | B65: Realizar seguimiento a las metas del plan de desarrollo municipal, plan de acción, planes de mejoramiento y matriz de riesgos y controles de la Secretaria de Hacienda | D65: V | E65: Recopilar las evidencias de los avances y acciones que conllevan al cumplimiento de los planes | F65: Secretario (a) Hacienda, Subsecretario de Hacienda, Profesional especializado | G65: Seguimiento Plan Indicativo, Plan de Acción y Proyectos, Matriz de Riesgos y Actas de Comité Operativo Evidencia punto de control: Acta comté operativo mensual con sus anexos | H65: SERIE: PLANES SUBSERIE: Planes de Acción Institucional SERIE: ACTAS SUBSERIE: Actas de Comité Operativo
A66: 10 | B66: Formular y ejecutar acciones correctivas y preventivas de mejora, planes de mejoramiento y actividades de autocontrol. | D66: A | F66: Secretario (a) Hacienda, Subsecretario de Hacienda, Profesional especializado | G66: Actas comité operativo y planes de mejoramiento. | H66: SERIE: ACTAS SUBSERIE: Actas de Comité Operativo SERIE: PLANES SUBSERIE: Planes de Acción Institucional
A68: Recursos: Equipo de Oficina – Equipo de Cómputo - Recurso Humano. Documentación Aplicada: Constitución Política, Ley 132 1994; Ley 152 de 1994, Ley 1551 de 2012, Plan Nacional de Desarrollo, Instructivo para entidades territoriales de formulación Plan de Desarrollo del DNP, programa de gobierno, ISO 9001:2015.Ley 136 1994.Ley 819 de 2003, Ley 358 de 1997 y la Ley 617 de 2000, Ley 80 de 1993, Ley 1150 de 2007, Decreto 734 de 2012, Ley 1437 de 2011, Plan de Acción, Decreto Delegación Para Contratar, Decreto 1499 de 2017, Decreto 1082 de 2015.
A70: Elaborado por | D70: Revisado por | G70: Aprobado por
A71: Nicolas Martinez Sanclemente Enlace de Proceso | D71: Yeison Andrés Pérez Lotero Líder de Proceso | G71: Comité Operativo

Sheet 14.2.1 Presupuesto
F1: =+'Procesos y Actividades'!M2 -> Código: M-SH-PGF-002 | G1: =+'Procesos y Actividades'!M3 -> Fecha: 08/05/2026 | H1: =+'Procesos y Actividades'!M4 -> Versión: 005
A2: # | B2: Tareas | D2: PHVA | E2: Puntos de control | F2: Responsable | G2: Registro/Evidencia | H2: Serie y subserie
A3: Actividad: 14.2.1. Presupuesto
A4: Operación: a. Elaboración del Presupuesto Municipal
A5: 1 | B5: Definir los lineamientos mediante el cual se solicitará la información necesaria y los plazos para la elaboración del proyecto del presupuesto | D5: P | F5: Profesional Especializado Área de Presupuesto, Jefe de oficina (Jefatura Financiera). | G5: Oficio de Remisión de techos presupuestales | H5: SERIE: ANTEPROYECTO DE PRESUPUESTO
A6: 2 | B6: Programar los plazos conforme a normatividad vigente de acuerdo con las solicitudes enviadas por los órganos que hacen parte del Presupuesto del Municipio. | D6: P | F6: Profesional Especializado Área de Presupuesto, Jefe de oficina (Jefatura Financiera). | G6: Documento de proyecciones de ingresos.
A7: 3 | B7: Elaborar el anteproyecto de presupuesto Municipal | D7: H | F7: Profesional Especializado Área de Presupuesto, Jefe de oficina (Jefatura Financiera). | G7: Documento | H7: SERIE: ANTEPROYECTO DE PRESUPUESTO
A8: 4 | B8: Adelantar el proceso de elaboración del presupuesto municipal en coordinación con el Departamento Administrativo de Planeación | D8: H | E8: Verificar la realización de reuniones o mesas de trabajo conjuntas con la secretaria de Planeación, dejando actas que evidencien acuerdos sobre la proyección de ingresos y gastos. | F8: Profesional Especializado Área de Presupuesto, Jefe de oficina (Jefatura Financiera). | G8: Proyecto de acto administrativo Evidencia punto de control: Actas de reuniones y asistencia mesas de trabajo
A9: 5 | B9: Elaborar el Marco Fiscal de Mediano Plazo como anexo al presupuesto de cada vigencia | D9: H | F9: Profesional Especializado Área de Presupuesto, Jefe de oficina (Jefatura Financiera). | G9: Documento | H9: SERIE: ANTEPROYECTO DE PRESUPUESTO
A10: 6 | B10: Verificar la correcta elaboración y consistencia del Marco Fiscal de Mediano Plazo, garantizando que la información esté alineada con las proyecciones financieras. | D10: V | F10: Profesional Especializado Área de Presupuesto, Jefe de oficina (Jefatura Financiera). | G10: Proyecto de acto administrativo
A11: 7 | B11: Revisar el cumplimiento de los lineamientos establecidos para la solicitud y consolidación de la información presupuestal. | D11: V | F11: Profesional Especializado Área de Presupuesto, Jefe de oficina (Jefatura Financiera). | G11: Proyecto de acto administrativo
A12: 8 | B12: Evaluar la coherencia entre el anteproyecto de presupuesto y los criterios definidos en el proceso de planeación | D12: V | F12: Profesional Especializado Área de Presupuesto, Jefe de oficina (Jefatura Financiera). | G12: Proyecto de acto administrativo
A13: 9 | B13: Formular y ejecutar acciones correctivas y preventivas de mejora, planes de mejoramiento y actividades de autocontrol. | D13: A | F13: Profesional Especializado Área de Presupuesto, Jefe de oficina (Jefatura Financiera). | G13: Actas de Comité Operativo, oficios
A15: Recursos: Equipo de Cómputo y Recurso Humano. Documentación Aplicada: Constitución Política; Ley 136 de 1994, Decreto 111 de 1996; acuerdo 032 de 1996; ley 617 de 2000; ley 715 de 2001, ley 819 de 2003, Constitución Política; Ley 136 de 1994, Decreto 111 de 1996; acuerdo 032 de 1996; ley 617 de 2000; ley 715 de 2001, ley 819 de 2003, ISO 9001:2015, Decreto 1499 de 2017.Acuerdo 181 de 2020.
A17: Operación: b. Presentación y Liquidación del Presupuesto Municipal
A18: 1 | B18: Planificar e identificar las necesidades del proyecto de presupuesto con sus anexos al Concejo. | D18: P | F18: Profesional Especializado Área de Presupuesto, Jefe financiero, Secretario (a) de Hacienda | G18: Proyecto de acuerdo | H18: SERIE: ANTEPROYECTO DE PRESUPUESTO
A19: 2 | B19: Presentar el Proyecto de presupuesto con sus anexos al Concejo (Plan anual de inversiones, proyecto de rentas y gastos y el resultado fiscal), el primer día hábil del mes de octubre. | D19: H | E19: Revisar y validar, antes de la radicación ante el Concejo, que los anexos del Proyecto de Presupuesto (Plan Anual de Inversiones, Proyecto de Rentas y Gastos y Resultado Fiscal) estén completos, firmados por los responsables y coherentes con las cifras consolidadas. | F19: Profesional Especializado Área de Presupuesto, Jefe financiero, Secretario (a) de Hacienda | G19: Proyecto de acuerdo Evidencia punto de control: Lista de chequeo
A20: 3 | B20: Preparar el Decreto de Liquidación y de repetición del presupuesto cuando así se requiera | D20: H | F20: Profesional Especializado Área Presupuesto, Secretario (a) de Hacienda | G20: Borrador de Decreto
A21: 4 | B21: Validar que las normas que regulan la gestión del presupuesto estén vigentes y estén correctamente aplicadas en el Proyecto de Acuerdo. | D21: V | F21: Profesional Especializado Área Presupuesto, Secretario (a) de Hacienda | G21: NA
A22: 5 | B22: Formular y ejecutar acciones correctivas y preventivas de mejora, planes de mejoramiento y actividades de autocontrol. | D22: A | F22: Profesional Especializado Área de Presupuesto | G22: Actas de Comité Operativo, oficios, Planes de mejoramiento
A24: Recursos: Equipo de Cómputo y Recurso Humano. Documentación Aplicada: Constitución Política; Ley 136 de 1994, Decreto 111 de 1996; acuerdo 032 de 1996; ley 617 de 2000; ley 715 de 2001, ley 819 de 2003, Constitución Política; Ley 136 de 1994, Decreto 111 de 1996; acuerdo 032 de 1996; ley 617 de 2000; ley 715 de 2001, ley 819 de 2003, ISO 9001:2015, Decreto 1499 de 2017.Acuerdo 181 de 2020.
A26: Operación: c. Ejecución de presupuesto y cierre presupuestal
A27: 1 | B27: Programar la revisión de las solicitudes de Disponibilidad y Registro presupuestal de todas las dependencias acorde con el recaudo de Ingresos | D27: P | F27: Profesional Especializado Área de Presupuesto | G27: Certificado de Disponibilidad Presupuestal, Registro Presupuestal, aplicativo financiero, ejecución de gastos | H27: N/A
A28: 2 | B28: Ejecutar las rentas, gastos e inversión del presupuesto municipal | D28: H | F28: Profesional Especializado Área de Presupuesto | G28: Aplicativo Financiero y ejecución de ingresos
A29: 3 | B29: Coordinar, ejecutar y controlar el movimiento presupuestal y en general de todos los movimientos relacionados con la ejecución presupuestal conforme a la ley orgánica de presupuesto | D29: H | F29: Profesional Especializado Área de Presupuesto | G29: Ejecuciones Presupuestales, aplicativo | H29: SERIE: ANTEPROYECTO DE PRESUPUESTO SERIE: INFORMES SUBSERIE: Informes de ejecución presupuestal SERIE: PRESUPUESTO DE INGRESOS Y GASTOS
A30: 4 | B30: Coordinar la operación, procedimiento y actualización de la información presupuestal del Municipio. | D30: H | F30: Profesional Especializado Área de Presupuesto | G30: Ejecuciones Presupuestales, aplicativo
A31: 5 | B31: Suministrar información necesaria de tipo presupuestal a quien lo requiera | D31: H | F31: Profesional Especializado Área de Presupuesto | G31: Ejecuciones Presupuestales, aplicativo
A32: 6 | B32: Coordinar el proceso de cierre de vigencia presupuestal | D32: H | F32: Profesional Especializado Área de Presupuesto | G32: Ejecuciones Presupuestales, aplicativo
A33: 7 | B33: Analizar, construir y registrar las reservas presupuestales | D33: H | F33: Profesional Especializado Área de Presupuesto | G33: Ejecuciones Presupuestales, aplicativo
A34: 8 | B34: Publicar la Ejecución de Ingresos, Gastos e Inversión en la página de la Alcaldía de Armenia | D34: H | F34: Profesional Especializado Área de Presupuesto | G34: Proyecto Acto Administrativo | H34: SERIE: ACTAS SUBSERIE: ACTAS DE COMITÉ OPERATIVO
A35: 9 | B35: Verificar que los registros presupuestales, y certificaciones cumplan con los lineamientos normativos y de calidad además de la validación de documentación correspondiente. | D35: V | F35: Profesional Especializado Área de Presupuesto | G35: Certificado de Disponibilidad Presupuestal, Registro Presupuestal, aplicativo financiero, ejecución de gastos
A36: 10 | B36: Validar que los saldos presupuestales coincidan con los la información presupuestal de cada secretaría | D36: V | E36: Revisar los reportes de ejecución presupuestal consolidados y compararlos con los informes de cada secretaría, dejando evidencia de conciliación y ajustes realizados en caso de diferencias. | F36: Profesional Especializado Área de Presupuesto | G36: Ejecución de gastos aplicativo financiero. Evidencia punto de control: Reporte actualizado de la ejecución presupuestal
A37: 11 | B37: Documentar las inconsistencias encontradas y elaborar informes | D37: V | F37: Profesional Especializado Área de Presupuesto | G37: Informe de inconsistencias
A38: 12 | B38: Formular y ejecutar acciones correctivas y preventivas de mejora, planes de mejoramiento y actividades de autocontrol. | D38: A | F38: Profesional Especializado Área de Presupuesto | G38: Actas de Comité Operativo, oficios
A40: Recursos: Equipo de Cómputo y Recurso Humano. Documentación Aplicada: Constitución Política; Ley 136 de 1994, Decreto 111 de 1996; acuerdo 032 de 1996; ley 617 de 2000; ley 715 de 2001, ley 819 de 2003, Constitución Política; Ley 136 de 1994, Decreto 111 de 1996; acuerdo 032 de 1996; ley 617 de 2000; ley 715 de 2001, ley 819 de 2003, ISO 9001:2015, Decreto 1499 de 2017.Acuerdo 181 de 2020.
A42: Operación: d. Presentación de Informes
A43: 1 | B43: Planificar e identificar con todas las dependencias la información necesaria para elaborar los informes. | D43: P | E43: Verificar que cada dependencia remita la información solicitada de manera completa y dentro del plazo establecido, dejando evidencia de la comunicación y recepción de los datos requeridos para la elaboración de los informes. | F43: Profesional Especializado Área de Presupuesto | G43: Ejecuciones Presupuestales, aplicativo Evidencia punto de control: correos electronicos enviados solicitando información a cada dependencia | H43: SERIE: INFORMES DE EJECUCION PRESUPUESTAL
A44: 2 | B44: Homologar y validar rubros de acuerdo al informe que se necesite (SIRECI, CGR Presupuestal, CHIP-FUT, Rendición de la Cuenta, Regalías). | D44: H | F44: Profesional Especializado Área de Presupuesto | G44: Ejecuciones Presupuestales, aplicativo
A45: 3 | B45: Atender y dar respuesta de forma oportuna a los requerimientos que efectúen los entes de control y la comunidad. | D45: H | F45: Profesional Especializado Área de Presupuesto | G45: Aplicativo Chip
A46: 4 | B46: Proyectar la sustanciación y acompañamiento de los proyectos de Acuerdos, ante el Concejo Municipal | D46: H | F46: Profesional Especializado Área de Presupuesto | G46: Informes. oficios
A47: 5 | B47: Verificar los ajustes pertinentes al informe y presentar a las entidades que lo requieran. | D47: V | F47: Profesional Especializado Área de Presupuesto, Jefe financiero. | G47: Informes
A48: 6 | B48: Verificar toda la información consolidada, asegurando que ésta cumpla con la normatividad vigente | D48: V | F48: Profesional Especializado Área de Presupuesto, Jefe financiero. | G48: Informes
A49: 7 | B49: Formular y ejecutar acciones correctivas y preventivas de mejora, planes de mejoramiento y actividades de autocontrol. | D49: A | F49: Profesional Especializado Área de Presupuesto | G49: oficios, Planes de Mejoramiento
A51: Recursos: Equipo de Oficina - Equipo de Cómputo y Recurso Humano Documentación Aplicada: Constitución Política; Ley 136 de 1994, Decreto 111 de 1996; acuerdo 032 de 1996; ley 617 de 2000; ley 715 de 2001, ley 819 de 2003, Constitución Política; Ley 136 de 1994, Decreto 111 de 1996; acuerdo 032 de 1996; ley 617 de 2000; ley 715 de 2001, ley 819 de 2003, ISO 9001:2015, Decreto 1499 de 2017.
A53: Operación: e. Modificaciones al Presupuesto
A54: 1 | B54: Planificar e identificar las necesidades de registros en el aplicativo vigente de presupuesto. | D54: P | F54: Profesional Universitario Auxiliar administrativo Funcionario designado por el Área de presupuesto | G54: Registro anual de la ejecución presupuestal de la vigencia | H54: SERIE: PRESUPUESTOS DE INGRESOS Y GASTOS SERIE: ACTOS ADMINISTRATIVOS SUBSERIE: Resoluciones administrativas
A55: 2 | B55: Parametrizar y registrar en el aplicativo vigente, el presupuesto general de rentas, gastos e inversión del municipio; aprobada por el consejo municipal para cada vigencia fiscal, conforme a los procedimientos y normas presupuestales establecidas. | D55: H | F55: Profesional Universitario Auxiliar administrativo Funcionario designado por el Área de presupuesto | G55: Registro anual de la ejecución presupuestal de la vigencia
A56: 3 | B56: Realizar en el aplicativo vigente las modificaciones presupuestales, como adiciones, reducciones, liberaciones, anulaciones y traslado presupuestal, conforme con las solicitadas por el ordenador del gasto | D56: H | E56: Verificar que cada modificación presupuestal registrada en el aplicativo cuente con el soporte y la aprobación con las firmas de cada secretario y/o ordenador del gasto | F56: Profesional Universitario Auxiliar administrativo Funcionario designado por el Área de presupuesto | G56: archivo digital y/o físico de las modificaciones realizadas Evidencia punto de control: Archivo de las solicitudes de modificación presupestal
A57: 4 | B57: Preparar y someter a consideración del Alcalde, los proyectos de créditos adicionales, contra créditos y reducciones presupuestales. | D57: H | F57: Profesional Universitario, funcionario designado por el Área de presupuesto, Secretario (a) de Hacienda | G57: Informes financieros
A58: 5 | B58: Elaborar los decretos y resoluciones de las modificaciones presupuestales del municipio de armenia y sus entidades descentralizadas, conforme con las aprobaciones del COMFIS | D58: H | F58: Profesional Universitario Auxiliar administrativo Funcionario designado por el Área de presupuesto | G58: archivo digital y/o físico de las modificaciones realizadas
A59: 6 | B59: Realizar actividades de apoyo en la organización del archivo de los documentos de las respectivas modificaciones presupuestales tales como decretos, resoluciones, actas COMFIS y demás documentos del área presupuestales de acuerdo con los procedimientos internos y la tabla de retención de documentos vigente | D59: H | F59: Profesional Universitario Auxiliar administrativo Funcionario designado por el Área de presupuesto | G59: Expedientes con documentos archivados
A60: 7 | B60: Revisar los certificados de disponibilidades y registro presupuestales implementados en el aplicativo, realizando las devoluciones a la dependencia para la respectiva corrección o reportando para su aprobación conforme a los procedimientos establecidos. | D60: H | F60: Profesional Universitario Auxiliar administrativo Funcionario designado por el Área de presupuesto | G60: Registro en el libro radicador de devoluciones y/o documentos físicos aprobados y archivados
A61: 8 | B61: Validar las modificaciones registradas en el aplicativo, asegurando que cada cambio se ajuste a los procedimientos y normativas. | D61: V | F61: Profesional Universitario Auxiliar administrativo Funcionario designado por el Área de presupuesto | G61: Informes financieros
A62: 9 | B62: Verificar que los documentos de modificaciones, anulaciones, liberaciones relacionadas se encuentren archivados de forma ordenada y cumplan con las politicas de archivo garantizando disponibilidad de la información. | D62: V | F62: Profesional Universitario Auxiliar administrativo Funcionario designado por el Área de presupuesto | G62: Expedientes con documentos archivados
A63: 10 | B63: Formular y ejecutar acciones correctivas y preventivas de mejora, planes de mejoramiento y actividades de autocontrol. | D63: A | F63: Profesional Especializado Área de Presupuesto | G63: Actas de Comité Operativo, oficios
A65: Recursos: Equipo de Cómputo y Recurso Humano. Documentación Aplicada: Constitución Política, Decreto 111 1996, Acuerdo 032 1996 modificado por el Acuerdo 181 2020, Acuerdo expedidos por el consejo
A67: Operación f. Expedición de certificados y Registros Presupuestales.
A68: 1 | B68: Programar la recepción de las solicitudes de las secretaria sobre RP con soportes. | D68: P | F68: Auxiliar Administrativo Funcionario designado por el área de presupuestos | G68: Solicitud RP | H68: N/A
A69: 2 | B69: Recibir la solicitud del RP con soportes, en caso de no estar bien se devuelve a la dependencia solicitante. | D69: H | F69: Profesional Universitario - Funcionarios de Apoyo (Industria y comercio) | G69: Solicitud RP y Documentos de soporte
A70: 3 | B70: Revisar en el sistema vigente el CDP que soporta el acto administrativo tenga suficiente rubro para cubrir el RP Y que los datos correspondan entre los documento. En caso de que los datos no sean los correspondientes se devolverá a la secretaria solicitante. | D70: H | E70: Registrar en un control interno (DRIVE) las solicitudes de expedición de CDP y RP, indicando fecha de recepción número de consecutivo y responsable del trámite, también un espacio para observaciones de las devoluciones | F70: Profesional Universitario - Funcionarios de Apoyo (Industria y comercio) | G70: Registro Presupuestal en el sistema vigente Evidencia punto de control: Drive con registros
A71: 4 | B71: Expedir los certificados de disponibilidad que le sean solicitados de conformidad con las normas y procedimientos vigentes y validar los documentos soporte para realizar su elaboración | D71: H | F71: Profesional Universitario | G71: Certificado de Disponibilidad Presupuestal
A72: 5 | B72: Elaborar el Registro Presupuestal de acuerdo a la solicitud de la dependencia o Secretaría | D72: H | F72: Profesional Universitario | G72: Registro Presupuestal
A73: 6 | B73: Verificar si el tercero se encuentra activo y la información consignada en el sistema vigente este al día, en caso de que no lo este se debe informar para proceder con su actualización. | D73: V | F73: Profesional Universitario - Funcionarios de Apoyo (Industria y comercio) | G73: Registro Presupuestal en el sistema vigente
A74: 7 | B74: Verificar si el RP posee todos los documentos de soporte para efectuar el registro presupuestal e imprimir para su aprobación y firma. | D74: V | F74: Profesional Universitario - Funcionarios de Apoyo (Industria y comercio) | G74: Registro Presupuestal en el sistema vigente
A75: 8 | B75: Formular y ejecutar acciones correctivas y preventivas de mejora, planes de mejoramiento y actividades de autocontrol. | D75: A | F75: Profesional Especializado Área de Presupuesto | G75: Actas de Comité Operativo, oficios | H75: SERIE: ACTAS SUBSERIE: ACTAS DE COMITÉ OPERATIVO
A77: Recursos: Equipo de Oficina - Equipo de Cómputo y Recurso Humano Documentación Aplicada: Constitución Política; Ley 136 de 1994, Decreto 111 de 1996; acuerdo 032 de 1996; ley 617 de 2000; ley 715 de 2001, ley 819 de 2003, Constitución Política; Ley 136 de 1994, Decreto 111 de 1996; acuerdo 032 de 1996; ley 617 de 2000; ley 715 de 2001, ley 819 de 2003, ISO 9001:2015, Decreto 1499 de 2017.
A79: Elaborado por | D79: Revisado por | G79: Aprobado por
A80: Claudia Patricia Salcedo Lozano Enlace de Proceso | D80: Diana Carolina Figueroa Hernandez Líder de Proceso | G80: Comité Operativo

Sheet 14.2.2 Contabilidad
F1: =+'Procesos y Actividades'!M2 -> Código: M-SH-PGF-002 | G1: =+'Procesos y Actividades'!M3 -> Fecha: 08/05/2026 | H1: =+'Procesos y Actividades'!M4 -> Versión: 005
A2: # | B2: Tareas | D2: PHVA | E2: Punto de Control | F2: Responsable | G2: Registro/Evidencias | H2: Serie y subserie
A3: Actividad: 14.2.2 Contabilidad
A4: Operación: a -Tramite elaboracion de cuentas
A5: 1 | B5: Establecer los documentos soportes que son requeridos para la elaboración y pago de cuentas. | D5: P | F5: Funcionario designado del área de contabilidad, Profesional Especializado, Jefe de oficina (Jefatura Financiera). | G5: Se creo una lista de chequeo con los documentos anexos que requiere cada tipo de contrato | H5: SERIE: COMPROBANTES SUBSERIE: Comprobantes de egreso
A6: 2 | B6: Recibir la cuenta de pago revisando los que los documentos soportes esten completos, y que los datos como: número de contrato, fecha del acta de supervisión, fecha de inicio y finalización del contrato, numero de planilla, recibo de pago de seguridad social, valor total del contrato, periodo y valor a cobrar , numero de RP, codigo rubro presupuestal, sean los correctos. | D6: H | E6: Validar con la lista de chequeo Código: R-SH-PGF-008 Fecha: 02/12//2021 que los documentos esten completos | F6: Funcionario designado del área de contabilidad, Profesional Especializado, Jefe de oficina (Jefatura Financiera). | G6: Despues de recibir la cuenta se radica en el drive de control de recepcion de cuentas. Evidencia control: Lista de chequeo
A7: 3 | B7: Ingresar a la plataforma de la Contratación Publica SECOP II, y corroborar que la cuenta este creada y con los documentos cargados, para proceder a aprobar o rechazar. | D7: H | F7: Funcionario designado del área de contabilidad, Profesional Especializado, Jefe de oficina (Jefatura Financiera). | G7: El registro de aprobacion o rechazo en la plataforma de SECOP.
A8: 4 | B8: Ingresar a la plataforma edesk prisma de la gobernacion del Quindio para verificar que este pre-liquidada la estampilla pro hospital . | D8: H | F8: Funcionario designado del área de contabilidad, Profesional Especializado, Jefe de oficina (Jefatura Financiera). | G8: Consulta de la estampilla en la plataforma.
A9: 5 | B9: Elaborar la orden de pago y documento equivalente (cuando no se presente factura), en el sistema financiero designado, relacionando tipo de contrato, cuentas contables, y descuentos a realizar. | D9: H | F9: Funcionario designado del área de contabilidad, Profesional Especializado, Jefe de oficina (Jefatura Financiera). | G9: Las ordenes de pago que quedan registradas en el software financiero.
A10: 6 | B10: Proceder a la causacion de las cuentas elaboradas, verificando la afectacion contable y los descuentos aplicados. | D10: V | F10: Funcionario designado del área de contabilidad, Profesional Especializado, Jefe de oficina (Jefatura Financiera). | G10: El registro que queda en el modulo de causacion del software financiero, asi como la firma en la orden de pago.
A11: 7 | B11: Formular y ejecutar acciones correctivas-preventivas, planes de mejoramiento y actividades de control. | D11: A | F11: Funcionario designado del área de contabilidad, Profesional Especializado, Jefe de oficina (Jefatura Financiera). | G11: Las acciones que se realizan, como capacitaciones, planes de trabajo, cronogramas,manuales, formatos.
A12: Recursos: Equipo de Oficina – Recurso humano, Equipo de Cómputo Documentación Aplicada: Resolución 354 de 2007 Régimen de Contabilidad Pública, Resoluciones 355, 356 del 2007 Resolución 357 de 2008, Ley 80 de 1993, Ley 1150 de 2007, Decreto 734 de 2012, Decreto 111 de 1996, Estatuto Tributario Nacional, Ordenanzas estampillas, Acuerdo 229/2021. Ordenanzas No. 016 y 018 de Noviembre 28 de 2016. Ley 1819 de 2016, ISO 9001:2015,Decreto 1499 de 2017, Resoluciones 355, 356 del 2007 2007, Resolución 357 de 2008.
A14: Operación: b. Tramite de Nóminas y Prestaciones Sociales
A15: 1 | B15: Para elaborar la nomina de la planta del Municipio de Armenia, se requiere que DAFI, remita a traves de correo electrónico, la integracion de la nomina, entre el software de nomina y el sistema financiero, asi como, el archivo excel del reporte que genera el sistema de nómina. Para elaborar la nomina de la Secretaria de Educacion se requiere que sean radicadas en el area de contabilidad. | D15: P | F15: Funcionario designado del área de contabilidad, Profesional Especializado, Jefe de oficina (Jefatura Financiera). | G15: La integracion de la nomina que queda registrada en el software contable, en el modulo de presupuesto. | H15: SERIE: COMPROBANTES SUBSERIE: Comprobantes de egreso
A16: 2 | B16: Recibido el reporte de la integración de la nómina, se procede a realizar las revisiones y validaciones pertinentes con el archivo excel enviado por DAFI, para verificar aspectos como: * Que no hayan pagos dobles * Que los Nits corresponden a los terceros * Que las cuentas contables correspondan a los conceptos del devengo y deducciones * Que los valores totales del devengo y deducciones sean iguales en ambos archivos. Despues de validar la informacion se solicita a DAFI el envío de las nóminas físicas. | D16: H | E16: Establecer terminos de fechas para cada quincena, en cuanto a la entrega por parte de DAFI de la informacion requerida para el inicio de tramite. | F16: Funcionario designado del área de contabilidad, Profesional Especializado, Jefe de oficina (Jefatura Financiera). | G16: La aprobacion de la revision y el visto bueno para que DAFI, proceda a solicitar la expedicion de los registros presupuestales. Evidencia punto de control: Correo enviado por nomina
A17: 3 | B17: Registrar en el Sistema Financiero, las ordenes de pago, con la afectacion de los descuentos y deducciones, los aportes a la seguridad social y aportes patronales de la Nomina de la Administración Central del Municipio, asi como, de la Nomina de Docentes y Directivos Docentes de la Secretaria de Educación Municipal, con su respectiva afectación contable. | D17: H | F17: Funcionario designado del área de contabilidad, Profesional Especializado, Jefe de oficina (Jefatura Financiera). | G17: Las ordenes de pago que se imprimen y quedan registradas en el software financiero.
A18: 4 | B18: Verificar que las causaciones estén debidamente elaboradas, aplicando las cuentas contables correspondientes y que contengan los respectivos documentos que soportan el pago de la Nomina. De ser correctas, pasan a firmas del contador del municipio, jefe financiero y subdirector de hacienda. | D18: V | F18: Funcionario designado del área de contabilidad, Profesional Especializado, Jefe de oficina (Jefatura Financiera). | G18: La validacion de las ordenes de pago en el modulo de causacion del software financiero, la firma en las ordenes de pago.
A19: 5 | B19: Formular y ejecutar acciones correctivas - preventivas, planes de mejoramiento y actividades de autocontrol. | D19: A | F19: Funcionario designado del área de contabilidad, Profesional Especializado, Jefe de oficina (Jefatura Financiera). | G19: Las acciones que se realizan, como capacitaciones, planes de trabajo, cronogramas,manuales, formatos.
A20: Recursos: Equipo de Oficina – Recurso humano, Equipo de Cómputo Documentación Aplicada: Resolución 354 de 2007 Régimen de Contabilidad Pública, Resoluciones 355, 356 del 2007 Resolución 357 de 2008, Ley 80 de 1993, Ley 1150 de 2007, Decreto 734 de 2012, Decreto 111 de 1996, Estatuto Tributario Nacional, Ordenanzas estampillas, Acuerdo 229/2021. Ordenanzas No. 016 y 018 de Noviembre 28 de 2016. Ley 1819 de 2016, ISO 9001:2015,Decreto 1499 de 2017, Resoluciones 355, 356 del 2007 2007, Resolución 357 de 2008.
A21: Operación: c. Consolidación de la información de las dependencias que no se encuentran en red.
A22: 1 | B22: Establecer fechas de entrega por parte de las dependencias y entidades agregadas al municipio, de la información que se requiere para validar las transacciones, hechos economicos, operaciones financieras que concilien, validen y revelen la realidad de los estados financieros del Municipio. | D22: P | E22: Constatar que se de cumplimiento a las fechas establecidas para que la informacion sea consolidada | G22: Remision de oficios a las dependencias solicitando la informacion y la fecha limite de entrega. | H22: SERIE: ESTADOS FINANCIEROS
A23: 2 | B23: Examinar, verificar y registrar en los estados financieros la información suministrada por cada dependencia utilizando el software financiero. | D23: H | G23: Las notas de contabilidad registradas en el software financiero en el modulo de contabilidad. Evidencia punto de control: Oficios remisorios con solicitud de información
A24: 3 | B24: Analizar y verificar los resultados determinando su consistencia y pertinencia en el balance | D24: V | G24: El balance general y el estado de resultados.
A25: 4 | B25: Formular y ejecutar acciones correctivas - preventivas, planes de mejoramiento y actividades de autocontrol. | D25: A | G25: Las acciones que se realizan, como capacitaciones, planes de trabajo, cronogramas,manuales, formatos. | H25: SERIE: ACTAS SUBSERIA: ACTAS DE COMITÉ OPERATIVO
A26: Recursos: Equipo de Oficina – Recurso humano, Equipo de Cómputo Documentación Aplicada: Resolución 354 de 2007 Régimen de Contabilidad Pública, Resoluciones 355, 356 del 2007 Resolución 357 de 2008, Ley 80 de 1993, Ley 1150 de 2007, Decreto 734 de 2012, Decreto 111 de 1996, Estatuto Tributario Nacional, Ordenanzas estampillas, Acuerdo 229/2021. Ordenanzas No. 016 y 018 de Noviembre 28 de 2016. Ley 1819 de 2016, ISO 9001:2015,Decreto 1499 de 2017, Resoluciones 355, 356 del 2007 2007, Resolución 357 de 2008.
A27: Operación: d. Preparación, Elaboración y Reporte Contable CHIP
A28: 1 | B28: Establecer fechas de entrega a las entidades agregadas para que remitan la información contable que se requiere agregar en la presentacion de los estados financieros que se realizan cada trimestre. | D28: P | F28: Funcionario designado del área de contabilidad, Profesional Especializado, Jefe de oficina (Jefatura Financiera). | G28: Remision de oficios a las entidades agregadas solicitando la informacion y la fecha limite de entrega. | H28: SERIE: ESTADOS FINANCIEROS
A29: 2 | B29: Preparación, elaboración, agregación, validación y transmisión de la información en la plataforma de Contaduria General de la Nacion. | D29: H | F29: Funcionario designado del área de contabilidad, Profesional Especializado, Jefe de oficina (Jefatura Financiera). | G29: Presentancion y validacion en la pagina de la Contaduria.
A30: 3 | B30: Validar que la informacion del CHIP remitida este aceptada por la Contaduría General de la Nación, descargando el comprobante a traves de la pagina. | D30: V | E30: Verificar cada trimestre la fecha limite de entrega para dar cumplimiento a la misma. | F30: Funcionario designado del área de contabilidad, Profesional Especializado, Jefe de oficina (Jefatura Financiera). | G30: El registro de entrega de informacion que genera la Contaduria General de la Nacion. Evidencia control: recibido satisfactorio trimestral por parte de la CGN
A31: 4 | B31: Formular y ejecutar acciones correctivas - preventivas, planes de mejoramiento y actividades de autocontrol. | D31: A | F31: Funcionario designado del área de contabilidad, Profesional Especializado, Jefe de oficina (Jefatura Financiera). | G31: Las acciones que se realizan, como capacitaciones, planes de trabajo, cronogramas,manuales, formatos.
A32: Recursos: Equipo de Oficina – Recurso humano, Equipo de Cómputo Documentación Aplicada: Resolución 354 de 2007 Régimen de Contabilidad Pública, Resoluciones 355, 356 del 2007 Resolución 357 de 2008, Ley 80 de 1993, Ley 1150 de 2007, Decreto 734 de 2012, Decreto 111 de 1996, Estatuto Tributario Nacional, Ordenanzas estampillas, Acuerdo 229/2021. Ordenanzas No. 016 y 018 de Noviembre 28 de 2016. Ley 1819 de 2016, ISO 9001:2015,Decreto 1499 de 2017, Resoluciones 355, 356 del 2007 2007, Resolución 357 de 2008.
A34: Operación: e. Preparación y presentación otros informes
A35: 1 | B35: Consultar las fechas de entrega, para organizar la información financiera que se requiera en la elaboración de los balances, estado de resultados, e informes solicitados. | D35: P | E35: Dar respuesta o presentar los informes de manera oportuna. | F35: Funcionario designado del área de contabilidad, Profesional Especializado, Jefe de oficina (Jefatura Financiera). | G35: Plazos o cronogramas dados por los solicitantes de la informacion. Evidencia control: Estados financieros | H35: SERIE: INFORMES SUBSERIE: INFORMES A ORGANISMOS DE CONTROL Y VIGILANCIA
A36: 2 | B36: Presentar la información financiera, económica, social y ambiental a la Contraloría Municipal, a las entidades públicas y privadas, a los organismos de control, asi como, la rendición de Cuenta Anual a la Contraloría Municipal. | D36: H | F36: Funcionario designado del área de contabilidad, Profesional Especializado, Jefe de oficina (Jefatura Financiera). | G36: Los informes presentados, la presentacion de la rendicion de la cuenta en los formatos establecidos.
A37: 3 | B37: Remision oportuna de la informacion solicitada, asi como, la aceptación del cargue de los archivos financieros en el ente de control. | D37: V | F37: Funcionario designado del área de contabilidad, Profesional Especializado, Jefe de oficina (Jefatura Financiera). | G37: La firma de recibido o los radicados de la informacion.
A38: 4 | B38: Formular y ejecutar acciones correctivas y preventivas, planes de mejoramiento y actividades de autocontrol. | D38: A | F38: Funcionario designado del área de contabilidad, Profesional Especializado, Jefe de oficina (Jefatura Financiera). | G38: Las acciones que se realizan, como capacitaciones, planes de trabajo, cronogramas,manuales, formatos.
A39: Recursos: Equipo de Oficina – Recurso humano, Equipo de Cómputo Documentación Aplicada: Resolución 354 de 2007 Régimen de Contabilidad Pública, Resoluciones 355, 356 del 2007 Resolución 357 de 2008, Ley 80 de 1993, Ley 1150 de 2007, Decreto 734 de 2012, Decreto 111 de 1996, Estatuto Tributario Nacional, Ordenanzas estampillas, Acuerdo 229/2021. Ordenanzas No. 016 y 018 de Noviembre 28 de 2016. Ley 1819 de 2016, ISO 9001:2015,Decreto 1499 de 2017, Resoluciones 355, 356 del 2007 2007, Resolución 357 de 2008.
A40: Operación: f. Preparación y Presentación de Información exógena a la DIAN
A41: 1 | B41: Realizar un plan de trabajo determinando responsables, necesidades y plazos requeridos, analizando las normas y decretos expedidos por la DIAN, para la presentación. | D41: P | F41: Funcionario designado del área de contabilidad, Profesional Especializado, Jefe de oficina (Jefatura Financiera). | G41: Calendario tribuatrio expedido por la DIAN. | H41: SERIE: INFORMES SUBSERIE: Informes a organismos de control y vigilancia
A42: 2 | B42: Solicitar a la Secretaria de Educación Municipal y al Departamento Administrativo de Fortalecimiento Institucional la información sobre pagos y retenciones efectuadas en las nóminas de personal Administrativo y Docente y personal del Municipio para la elaboración del Formato "información de pagos o abonos en cuenta y retenciones en la fuente practicadas" la cual deberá ser enviada previamente revisada y verificada en el prevalidador de la DIAN. | D42: H | F42: Funcionario designado del área de contabilidad, Profesional Especializado, Jefe de oficina (Jefatura Financiera). | G42: Envio de oficios y correos electrónicos solicitando la información
A43: 3 | B43: Solicitar a la Secretaria de transito y Transporte la información correspondiente al formato vigente "Información de impuestos de vehículos", la cual deberá ser enviada previamente revisada y verificada en el prevalidador de la DIAN. | D43: H | F43: Funcionario designado del área de contabilidad, Profesional Especializado, Jefe de oficina (Jefatura Financiera). | G43: Envio de oficios y correos electrónicos solicitando la información
A44: 4 | B44: Solicitar al área de Tesorería la información correspondiente a los formatos 1476 "Información de registros catastrales y del Impuesto Predial", formato 1481 "Información de Industria y comercio", formatos vigentes. " Información de resoluciones administrativas relacionadas con obligaciones del orden municipal o distrital"; estos formatos deberán ser enviados al área de contabilidad previa revisión y prevalidacion en el prevalidador de la DIAN. | D44: H | F44: Funcionario designado del área de contabilidad, Profesional Especializado, Jefe de oficina (Jefatura Financiera). | G44: Envio de oficios y correos electrónicos solicitando la información
A45: 5 | B45: Consolidar la información correspondiente en el formato vigente, la cual deberá incluir la informacion reportada por el Departamento Administrativo de Fortalecimiento Institucional, Secretaría de Educación y Contabilidad. | D45: H | E45: presentar los formatos de manera oportuna. | F45: Funcionario designado del área de contabilidad, Profesional Especializado, Jefe de oficina (Jefatura Financiera). | G45: Elaboracion y diligenciamiento de los formatos solicitados por la DIAN. Evidencia control: recibido a satisfación de los formatos por parte de la DIAN
A46: 6 | B46: Validar los formatos en el prevalidador de la Dirección de Impuestos y Aduanas Nacionales (DIAN) y Presentar la totalidad de los formatos de información exógena del municipio de Armenia en las fechas establecidas. | D46: H | F46: Funcionario designado del área de contabilidad, Profesional Especializado, Jefe de oficina (Jefatura Financiera). | G46: El recibido exitoso dado por la DIAN
A47: 7 | B47: Verificar que la informacion del formato 1001 (reporte de pagos o abono en cuenta) sea acorde con la presentada mensualmente ante la Dirección de Impuestos y Aduanas Nacionales (DIAN) | D47: V | F47: Funcionario designado del área de contabilidad, Profesional Especializado, Jefe de oficina (Jefatura Financiera). | G47: Comparativo de libros auxiliares Vs. Formulario 1001 de la DIAN.
A48: 8 | B48: Formular y ejecutar acciones correctivas y preventivas, planes de mejoramiento y actividades de autocontrol. | D48: A | F48: Funcionario designado del área de contabilidad, Profesional Especializado, Jefe de oficina (Jefatura Financiera). | G48: Las acciones que se realizan, como capacitaciones, planes de trabajo, cronogramas,manuales, formatos, actas de comité.
A49: Recursos: Equipo de Oficina – Recurso humano, Equipo de Cómputo. Documentación Aplicada: Estatuto Tributario Nacional y Normatividad Vigente Aplicable, ISO 9001:2015, Decreto 1499 de 2017.
A50: Operación: g. Preparación y presentación del boletín de deudores morosos del Estado
A51: 1 | B51: Planear y reconocer las diferentes solicitudes de información que se requiera presentar ante el Departamento Administrativo de Fortalecimiento Institucional, la Tesorería municipal y la secretaria de transito | D51: P | F51: Funcionario designado del área de contabilidad, Profesional Especializado, Jefe de oficina (Jefatura Financiera). | G51: Envio de oficios y solicitudes, revision del aplicativo BDME, información medios magnéticos para conocer los requerimientos. | H51: SERIE: INFORMES SUBSERIE: Informes a organismos de control y vigilancia
A52: 2 | B52: Solicitar, a la Tesorería General y al Departamento Administrativo de Fortalecimiento Institucional la relación de los terceros que son deudores morosos acorde a los topes establecidos en el BDME, para inclusión en las fechas requeridas por el CHIP. Para el caso de retiro de BDME las mismas dependencias informaran al área de contabilidad las novedades con el respectivo reporte. | D52: P | F52: Funcionario designado del área de contabilidad, Profesional Especializado, Jefe de oficina (Jefatura Financiera). | G52: Envio de oficios y solicitudes a traves de la intraweb.
A53: 3 | B53: Validar la informacion enviada por parte de las areas de DAFI,Tesoreria municipal y Secretaria de Transito, en el validador del CHIP de la Contaduria General de la Nacion. | D53: H | E53: Controlar que la informacion se envie oportunamente cada trimestre | F53: Funcionario designado del área de contabilidad, Profesional Especializado, Jefe de oficina (Jefatura Financiera). | G53: Reporte CHIP entregado por la Contaduria General. Evidenica control: Recibo a satisfación trimestral por parte de la CGN
A54: 4 | B54: Verificar el cumplimiento en las fechas establecidas, del reporte de los deudores morosos asi como, de las inclusiones y los retiros en el BDME. | D54: V | F54: Funcionario designado del área de contabilidad, Profesional Especializado, Jefe de oficina (Jefatura Financiera). | G54: Reporte impreso de novedades por ingreso o retiro
A55: 5 | B55: Formular y ejecutar acciones correctivas - preventivas, planes de mejoramiento y actividades de autocontrol. | D55: A | F55: Funcionario designado del área de contabilidad, Profesional Especializado, Jefe de oficina (Jefatura Financiera). | G55: Las acciones que se realizan, como capacitaciones, planes de trabajo, cronogramas,manuales, formatos.
A56: Recursos: Equipo de Oficina – Recurso humano, Equipo de Cómputo Documentación Aplicada: Parágrafo 3° artículo 2° Ley 901 de 2004, numeral 5 del artículo 2° Ley 1066 de 2006, ISO 9001:2015, Decreto 1499 de 2017
A58: Operación: h. Conciliación Bancaria
A59: 1 | B59: Planear la disposición de los extractos bancarios, Libros auxiliares contables y Financieros al corte del mes a conciliar y la respectiva conciliación del periodo anterior. Se parte del saldo del extracto de la cuenta a analizar | D59: P | F59: Funcionario designado del área de contabilidad, Profesional Especializado, Jefe de oficina (Jefatura Financiera). | G59: Cronogramas de planes de trabajo. | H59: SERIE: CONCILIACIONES BANCARIAS
A60: 2 | B60: Separar las partidas de entradas del efectivo que están en libros, pero no en el extracto. Teniendo presente las partidas conciliatorias del mes anterior. Llevar anotación por cada partida, con su fecha y concepto. Consignaciones, errores de registro de las cifras y anulaciones de cheques. | D60: H | E60: Controlar que el informe se realice mensualmente | F60: Funcionario designado del área de contabilidad, Profesional Especializado, Jefe de oficina (Jefatura Financiera). | G60: informe mensual Evidencia de control: Informe mensual
A61: 3 | B61: Separar las partidas de entradas que no están en libros, pero sí en el extracto. Teniendo presente la conciliación del mes anterior. Llevar anotación por cada partida, con su fecha y concepto. Consignaciones sin identificar, notas crédito, errores de registro en las cifras. Cheques devueltos o anulados. | D61: H | F61: Funcionario designado del área de contabilidad, Profesional Especializado, Jefe de oficina (Jefatura Financiera). | G61: Registro de Partidas en el formato establecido el cual se diligencia en un archivo de excel y se comparte en el drive de correo de conciliaciones bancarias.
A62: 4 | B62: Separar las partidas de salidas del efectivo que están en libros, pero no en el extracto. Teniendo presente, las conciliaciones del mes anterior. Llevar anotación por cada partida, con su fecha y concepto. Cheques no pagados por el banco. | D62: H | F62: Funcionario designado del área de contabilidad, Profesional Especializado, Jefe de oficina (Jefatura Financiera). | G62: Registro de Partidas en el formato establecido el cual se diligencia en un archivo de excel y se comparte en el drive de correo de conciliaciones bancarias.
A63: 5 | B63: Separar las partidas de salidas del efectivo que no están en libros, pero sí en el extracto. Teniendo presente, la conciliación del mes anterior. Llevar anotación por cada partida, con su fecha y concepto. Notas débito por gastos bancarios, cobros de impuestos. | D63: H | F63: Funcionario designado del área de contabilidad, Profesional Especializado, Jefe de oficina (Jefatura Financiera). | G63: Registro de Partidas en el formato establecido el cual se diligencia en un archivo de excel y se comparte en el drive de correo de conciliaciones bancarias.
A64: 6 | B64: Realizar verificación de que los saldos en los extractos y libros cuadren en cada uno de estos y enviar a la tesorería o a la dependencia correspondiente informe con los ajustes a realizar para las afectaciones correspondientes diligenciando el formato que diseñado para tal fin. | D64: V | F64: Funcionario designado del área de contabilidad, Profesional Especializado, Jefe de oficina (Jefatura Financiera). | G64: Registro de Partidas en el formato establecido el cual se diligencia en un archivo de excel y se comparte en el drive de correo de conciliaciones bancarias.
A65: 7 | B65: Formular y ejecutar acciones correctivas y preventivas, planes de mejoramiento y actividades de autocontrol. | D65: A | F65: Funcionario designado del área de contabilidad, Profesional Especializado, Jefe de oficina (Jefatura Financiera). | G65: Las acciones que se realizan, como capacitaciones, planes de trabajo, cronogramas,manuales, formatos.
A66: Recursos: Equipo de Oficina – Recurso humano, Equipo de Cómputo Documentación Aplicada: Decreto 264 del 2018, Decreto 309 21 de septiembre del 2020, ISO 9001:2015, Decreto 1499 de 2017
A68: Operación: i. Depuración de partidas conciliatorias en el Ingreso / Gasto.
A69: 1 | B69: Planear la recopilación de los soportes con orden cronológico, relacionados con las gestiones adelantadas ante las instituciones financieras. | D69: P | F69: Lider de Contabilidad y Tesorería | G69: Soportes de Gestiones (oficios, correos, solicitudes) | H69: SERIE: CONCILIACIONES BANCARIAS SUBSERIE: CONCILIACIONES
A70: 2 | B70: Preparar informe para subsanar partidas por registrar o pagar, generadas despues de realizar las conciliacion bancarias mensulamente | D70: H | E70: Controlar que el informe se realice mensualmente | F70: Lider de Contabilidad y Tesorería | G70: Informe Partidas Conciliatorias, que deben realizarse para la correcta conciliacion de la cuenta Evidencia del control: Informe mensual
A71: 3 | B71: Tomar las consignaciones sin identificar y notas crédito no respaldadas por sus valores correspondientes y proyectar ajustes para incorporación en libros de bancos utilizando la cuenta de Excedentes de ejercicios anteriores | D71: H | F71: Lider de Contabilidad y Tesorería | G71: Diligenciamiento del formato sugiriendo el ajuste necesario.
A72: 4 | B72: Tomar las notas débito no respaldadas por sus valores correspondientes y proyectar ajustes para registrar en libros de bancos, utilizando la cuenta de Déficit de ejercicios anteriores. Simultáneamente, analizar su impacto y viabilidad de afectación de estos gastos de vigencias anteriores en el presupuesto. | D72: H | F72: Lider de Contabilidad y Tesorería | G72: Diligenciamiento del formato sugiriendo el ajuste necesario.
A73: 5 | B73: Relacionar los cheques no cobrados con una antigüedad mayor a seis meses y proceder a su anulación y registro en acreedores por pagar. Previamente, debe darse orden escrita, de no pago, a los bancos correspondientes. | D73: H | F73: Lider de Contabilidad y Tesorería | G73: Registro del valor en la cuenta Acreedores por pagar y el oficio remisorio a los bancos.
A74: 6 | B74: Analizar la incidencia e incorporación de las consignaciones en las partidas del superávit del presupuesto. | D74: H | F74: Lider de Contabilidad y Tesorería | G74: Registro de consignaciones en el sistema financiero.
A75: 7 | B75: Presentar propuesta de depuración contable y financiera al Comité Técnico de Sostenibilidad Contable. | D75: H | F75: Lider de Contabilidad y Tesorería | G75: Presentacion de informe con la propuesta Depuración
A76: 8 | B76: Una vez aprobado el ajuste por el Comité, se procede a registrar cada uno de los casos particulares en la Ficha de depuración Contable Bancaria. | D76: H | F76: Lider de Contabilidad y Tesorería | G76: Registro de las notas de contabilidad en el sistema financiero modulo contabilidad.
A77: 9 | B77: Seguimiento del proceso de preparación del informe de las cuentas por entradas de efectivo sin subsanar. | D77: V | F77: Lider de Contabilidad y Tesorería | G77: Informe de las cuentas por entradas
A78: 10 | B78: Formular y ejecutar acciones correctivas y preventivas de mejora, planes de mejoramiento y actividades de autocontrol. | D78: A | F78: Lider de Contabilidad y Tesorería | G78: Las acciones que se realizan, como capacitaciones, planes de trabajo, cronogramas,manuales, formatos.
A80: Recursos: Equipo de Oficina – Recurso humano, Equipo de Cómputo Documentación Aplicada: Decreto 264 del 2018, Decreto 309 21 de septiembre del 2020, ISO 9001:2015, Decreto 1499 de 2017
A82: Operación: j. Conciliación Presupuestal
A83: 1 | B83: Planear la conciliación presupuestal disponiendo de los cierres presupuestales, los libros auxiliares contables de bancos, la sábana de egresos y la sábana de ingresos por período a conciliar, y verificar que los rubros presupuestales de la sábana de egresos y la sábana de ingresos coincida con los pagos y los ingresos del cierre presupuestal. | D83: P | E83: Realizar el respectivo control por medio de las bases de datos en excel | F83: Áreas de Contabilidad, Tesorería y Presupuesto | G83: Hacer cruce de informacion en los formatos de excel Evidencia control: base de datos | H83: SERIE: INFORMES DE EJECUCIÓN PRESUPUESTAL
A84: 2 | B84: Separar las partidas de entradas del efectivo que están en libros, pero no en la sábana de ingresos o que están en la sábana de ingresos, pero no en libros. Teniendo presente las partidas conciliatorias del período anterior. Llevar anotación por cada partida: tipo de documento, número de documento, fecha, concepto, ajuste a realizar, ya sea un traslado bancario, un ajuste contable o una adición presupuestal. | D84: H | F84: Áreas de Contabilidad, Tesorería y Presupuesto | G84: Diligenciamiento del formato establecido con la anotación de cada partida.
A85: 3 | B85: Separar las partidas de salidas del efectivo que no están en libros, pero sí en la sábana de egresos o que están en la sábana de egresos, pero no en libros. Teniendo presente las partidas conciliatorias del período anterior. Llevar registro y control por cada partida: tipo de documento, número de documento, fecha, concepto, ajuste a realizar, ya sea un traslado bancario, un ajuste contable o una reducción presupuestal | D85: H | F85: Áreas de Contabilidad, Tesorería y Presupuesto | G85: Diligenciamiento del formato establecido con la anotación de cada partida.
A86: 4 | B86: Revisar si quedaron reservas o cuentas por pagar del período anterior, pues los pagos de estos se ven reflejados en libros, más no en la sábana de egresos. | D86: H | F86: Áreas de Contabilidad, Tesorería y Presupuesto | G86: Libro Auxiliar de Bancos Conciliación bancaria
A87: 5 | B87: Realizar informe de conciliación de la cuenta, Una vez se determine que los saldos de bancos presupuestales cuadran con el saldo en libros | D87: H | F87: Áreas de Contabilidad, Tesorería y Presupuesto | G87: informe Conciliación
A88: 6 | B88: Enviar a tesorería, presupuesto o a la dependencia que corresponda el informe con los ajustes a realizar para las afectaciones correspondientes diligenciando el formato diseñado para tal fin, previa aprobación. | D88: H | F88: Áreas de Contabilidad, Tesorería y Presupuesto | G88: Diligenciamiento del formato establecido con la sugerencia de ajustes a realizar con su debida justificacion.
A89: 7 | B89: Realizar verificación de que los saldos en los extractos y libros cuadren en cada uno de estos y enviar a la tesorería o a la dependencia correspondiente informe con los ajustes a realizar para las afectaciones correspondientes diligenciando el formato que diseñado para tal fin. | D89: V | F89: Área de Contabilidad Tesorería | G89: Diligenciamiento del formato establecido con la sugerencia de ajustes a realizar con su debida justificacion.
A90: 8 | B90: Formular y ejecutar acciones correctivas y preventivas de mejora, planes de mejoramiento y actividades de autocontrol. | D90: A | F90: Área de Contabilidad Tesorería Área de Presupuesto | G90: Las acciones que se realizan, como capacitaciones, planes de trabajo, cronogramas,manuales, formatos.
A92: Recursos: Equipo de Oficina – Recurso humano, Equipo de Cómputo Documentación Aplicada: Decreto 264 del 2018, Decreto 309 21 de septiembre del 2020, ISO 9001:2015, Decreto 1499 de 2017
A94: Operación: k. Preparación y Presentación de Declaraciones Tributarias DIAN - Retención en la Fuente
A95: 1 | B95: Determinar fechas de vencimiento de las declaraciones mensuales de retención en la fuente ante la Dirección de Impuestos y Aduana Nacionales DIAN, de acuerdo al calendario tributario establecido para tal fin. | D95: P | F95: Funcionario designado del área de contabilidad, Profesional Especializado área contable | G95: El Calendario tributario expedido por la DIAN. | H95: SERIE: INFORMES SUBSERIE: Informes a organismos de control y vigilancia
A96: 2 | B96: Generar los reportes de los auxiliares contables (una vez cerrados los lapsos contables) de las cuentas correspondientes a retención en la fuente. | D96: P | F96: Funcionario designado del área de contabilidad, Profesional Especializado área contable | G96: Libros Auxiliares con cortes mensuales
A97: 3 | B97: Revisar cada una de las cuentas con sus bases de datos correspondientes y los porcentajes de retención según sea su naturaleza. | D97: H | F97: Funcionario designado del área de contabilidad, Profesional Especializado área contable | G97: Generacion de Libros Auxiliares
A98: 4 | B98: Solicitar a la Secretaría de Transito y Transporte de Armenia la certificación de los valores retenidos durante el periodo, para contrastar con el registro del sistema de Información contable del Municipio de Armenia. | D98: H | F98: Funcionario designado del área de contabilidad, Profesional Especializado área contable | G98: Certificación entregada por SETTA, sobre las retenciones mensuales practicadas
A99: 5 | B99: Generar y enviar la distribución de valores retenidos por la fuente de financiación y proceder a realizar el pago correspondiente. | D99: H | F99: Funcionario designado del área de contabilidad, Profesional Especializado área contable | G99: Entrega de libros auxiliares al area de tesoreria
A100: 6 | B100: Diligenciar, firmar y presentar la declaración mensual oportunamente en el portal de la DIAN. | D100: H | E100: controlar que el formato 350 se envie correctamente a la DIAN | F100: Funcionario designado del área de contabilidad, Profesional Especializado área contable | G100: Formulario diligenciado y presentado ante la DIAN Evidenica control: recibo a satisfacón del formato 350 de manera mensual
A101: 7 | B101: Realizar la orden de pago correspondiente a la declaración presentada y disponerla para que surta el proceso regular de pago. | D101: H | F101: Funcionario designado del área de contabilidad, Profesional Especializado área contable | G101: Orden de Pago Aprobada
A102: 8 | B102: Verificar que los datos de la declaración y el orden de pago no presenten errores ni inconsistencias. | D102: V | F102: Funcionario designado del área de contabilidad, Profesional Especializado área contable | G102: Orden de Pago Causada
A103: 9 | B103: Formular y ejecutar acciones correctivas y preventivas de mejora, planes de mejoramiento y actividades de autocontrol. | D103: A | F103: Funcionario designado del área de contabilidad, Profesional Especializado área contable | G103: Las acciones que se realizan, como capacitaciones, planes de trabajo, cronogramas,manuales, formatos.
A105: Recursos: Equipo de Oficina – Recurso humano, Equipo de Cómputo Documentación Aplicada: Resolución 354 de 2007 Régimen de Contabilidad Pública, Resoluciones 355, 356 del 2007 Resolución 357 de 2008; Resolución 047 de Febrero 21 de 2012, Artículo 3 de la Resolución 103 de 2012, ISO 9001:2015, Decreto 1499 de 2017.
A107: Elaborado por: | D107: Revisado por: | G107: Aprobado por:
A108: Enlace de Proceso | D108: Líder de Proceso | G108: Comité Operativo
A109: Recursos: Equipo de Oficina – Recurso humano, Equipo de Cómputo Documentación Aplicada: Decreto 264 del 2018, Decreto 309 21 de septiembre del 2020, ISO 9001:2015, Decreto 1499 de 2017
A111: Operación: k. Preparación y Presentación de Declaraciones Tributarias DIAN - Retención en la Fuente
...

Sheet 14.3 Inteligencia Tributaria
F1: =+'Procesos y Actividades'!M2 -> Código: M-SH-PGF-002 | G1: =+'Procesos y Actividades'!M3 -> Fecha: 08/05/2026 | H1: =+'Procesos y Actividades'!M4 -> Versión: 005
A2: # | B2: Tareas | D2: PHVA | E2: Puntos de control | F2: Responsable | G2: Registro/Evidencia | H2: Serie y subserie
A3: Actividad: 14.3 Inteligencia Tributaria
A4: Operación: a. Recolección y análisis de datos.
A5: 1 | B5: Diseñar e implementar indicadores que permitan evaluar el comportamiento de variables de interés para la Secretaría de Hacienda. | D5: P | F5: Funcionario designado para el respectivo observatorio, Jefe de Oficina (Inteligencia Tributaria). | G5: Página WEB del observatorio | H5: SERIE: REGISTRO DE LOS OBSERVATORIOS DE POLÍTICAS INSTITUCIONALES SUBSERIES: Registro del Observatorio de convenio de intercambio de datos Registro de observatorio de seguimiento y desarrollo de modelo Registro del Observatorio de Estudio de indicadores
A6: 2 | B6: Planificar los temas que son motivo de interés para la ciudad con el fin de adelantar análisis de coyuntura. | D6: P | F6: Funcionario designado para el respectivo observatorio, Jefe de Oficina (Inteligencia Tributaria). | G6: Página WEB del observatorio
A7: 3 | B7: Seleccionar las herramientas de análisis. | D7: P | F7: Funcionario designado para el respectivo observatorio, Jefe de Oficina (Inteligencia Tributaria). | G7: Página WEB del observatorio
A8: 4 | B8: Definir el tipo de informe técnico para hacer públicos los resultados. | D8: P | F8: Funcionario designado para el respectivo observatorio, Jefe de Oficina (Inteligencia Tributaria). | G8: Página WEB del observatorio
A9: 5 | B9: Hacer seguimiento a la publicación de datos oficiales de las diferentes entidades del estado y de la administración local, para su debido registro en las bases de datos de los Observatorios. | D9: H | F9: Funcionario designado para el respectivo observatorio, Jefe de Oficina (Inteligencia Tributaria). | G9: Página WEB del observatorio
A10: 6 | B10: Extraer, Transformar y Limpiar (ETL) los datos para conformar bases de datos de los Observatorios. | D10: H | F10: Funcionario designado para el respectivo observatorio, Jefe de Oficina (Inteligencia Tributaria). | G10: Página WEB del observatorio
A11: 7 | B11: Calcular indicadores a partir de los datos procesados por los Observatorios | D11: H | E11: Revisar que el cálculo del indicador se ajuste a la realidad económica mediante comparación con indicadores a nivel nacional | F11: Funcionario designado para el respectivo observatorio, Jefe de Oficina (Inteligencia Tributaria). | G11: Página WEB del observatorio Evidencia control: comparacion con estadisticas nacionales
A12: 8 | B12: Implementar modelos econométricos, de aprendizaje de máquina (Machine Learnig) y de simulación el procesamiento de datos que permita encontrar tendencias y relaciones de causalidad de las variables de interés operadas por los Observatorios. | D12: H | F12: Funcionario designado para el respectivo observatorio, Jefe de Oficina (Inteligencia Tributaria). | G12: Página WEB del observatorio
A13: 9 | B13: Elaborar tableros de control que requieran los Observatorios para garantizar una consulta amena y sencilla a los usuarios. | D13: H | F13: Funcionario designado para el respectivo observatorio, Jefe de Oficina (Inteligencia Tributaria). | G13: Página WEB del observatorio
A14: 10 | B14: Redactar los estudios técnicos de los Observatorios que apoyen la toma de decisiones del equipo directivo. | D14: H | F14: Funcionario designado para el respectivo observatorio, Jefe de Oficina (Inteligencia Tributaria). | G14: Página WEB del observatorio
A15: 11 | B15: Hacer seguimiento al impacto que tienen los Observatorios en la comunidad en general mediante las métricas de consulta del portal WEB. | D15: V | F15: Jefe de Oficina (Inteligencia Tributaria). | G15: Página WEB del observatorio
A16: 12 | B16: Verificar la realización de backup (información de respaldo) de la informació WEB de los Observatorios. | D16: V | F16: Jefe de Oficina (Inteligencia Tributaria). | G16: Página WEB del observatorio
A17: 13 | B17: Hacer seguimiento al impacto que tienen los Observatorios en la ciudad de Armenia mediante el conteo de la citación de artículos de los medios de comunicación locales. | D17: V | F17: Jefe de Oficina (Inteligencia Tributaria). | G17: Página WEB del observatorio
A18: 14 | B18: Formular y ejecutar acciones correctivas y preventivas de mejora, planes de mejoramiento y actividades de autocontrol de los procesos realizados por Inteligencia Tributaria. | D18: A | F18: Jefe de Oficina (Inteligencia Tributaria). | G18: Planes de Mejoramiento, Actsa de Comité
A19: 15 | B19: Investigar las tendencias en los métodos de análisis de datos para garantizar la aplicación del conocimiento de punta en los análisis de coyuntura de los Observatorios. | D19: A | F19: Jefe de Oficina (Inteligencia Tributaria). | G19: Policy Memo
A21: Recursos: Equipo de Oficina – Recurso humano, Equipo de Cómputo Documentación Aplicada: N/A ISO 9001-2015
A23: Elaborado por: | D23: Revisado por: | G23: Aprobado por:
A24: JUAN CARLOS VASQUEZ SORA Enlace de proceso | D24: NICOLAS MARTINEZ SANCLEMENTE Líder de Proceso | G24: Comité Operativo

Sheet 14.4.1 Tesoreria 
F1: =+'Procesos y Actividades'!M2 -> Código: M-SH-PGF-002 | G1: =+'Procesos y Actividades'!M3 -> Fecha: 08/05/2026 | H1: =+'Procesos y Actividades'!M4 -> Versión: 005
A2: # | B2: Tareas | D2: PHVA | E2: Punto de Control | F2: Responsable | G2: Registro/Evidencias | H2: Serie y subserie
A3: Actividad: 14.4 Gestión de Ingresos
A4: 14.4.1 Tesorería
A5: Operación: a. Caja General - Pago Causaciones
A6: 1 | B6: Establecer horarios de revisión de órdenes de pago, y preparar el pago de las mismas en el sistema correspondiente. | D6: P | F6: Jefe de Ingresos Tesorera General Profesional Universitario (Asignado para Caja General) | G6: Acta de Reunión (Equipo Financiero) | H6: SERIE: N/A SUBSERIE: N/A
A7: 2 | B7: Programar horarios de confirmación de pago en el sistema de la Tesorería Municipal, de acuerdo a la entidad bancaria origen de los recursos que corresponden a las fuentes de financiación, cierres financieros. | D7: P | F7: Jefe de Ingresos Tesorera General Profesional Universitario (Asignado para Caja General) | G7: Acta de Reunión (Equipo Financiero) | H7: SERIE: N/A SUBSERIE: N/A
A8: 3 | B8: Elaborar, comunicado escrito, expedido por la Tesorería Municipal, dirigido al área de Presupuesto y Contabilidad, informando el horario de recibido de órdenes de pago en esta dependencia. | D8: H | F8: Tesorera General | G8: Oficio Expedido por Tesorera | H8: SERIE: Circulares SUBSERIE: Circulares Informativas | I8: Acta 085 Planificación proceso de pagos del 10-jul-2025
A9: 4 | B9: Revisar órdenes de pago y documentos necesarios, para preparar transferencias que permitan pagar las obligaciones a descuentos aplicados en cuentas, proveedores, contratistas, obligaciones tributarias, etc, por fuente de financiación y en los portales bancarios correspondientes. | D9: H | F9: Funcionario Asignado por la Tesorera General Profesional Universitario (Asignado para Caja General) | G9: Causaciones Revisadas a Diario | H9: SERIE: COMPROBANTES CONTABLES SUBSERIE: Comprobantes de egreso | I9: Egresos mes de ago-sep-2025
A10: 5 | B10: Elaborar comprobante de egreso en el sistema financiero de la Tesorería Municipal, de las ordenes de pago por fuente de financiación y en las cuentas bancarias correspondientes. | D10: H | E10: Generar reporte de los Egresos del mes | F10: Funcionario Asignado por la Tesorera General Profesional Universitario (Asignado para Caja General) | G10: Comprobantes de Egresos Evidencia punto de control: Archivo de Excel generado por el sistema financiero con la relación de todos los pagos tesorales | H10: SERIE: COMPROBANTES CONTABLES SUBSERIE: Comprobantes de egreso
A11: 6 | B11: Preparar en portales bancarios, las transferencias para realizar los pagos a proveedores y contratistas, de acuerdo a la fuente de financiación requerida, en los horarios establecidos según entidad bancaria. | D11: H | F11: Profesional Universitario (Asignado para Caja General) | G11: Transferencias Montadas en Portales Bancarios | H11: SERIE: COMPROBANTES CONTABLES SUBSERIE: Comprobantes de egreso | I11: Anexo 1 Egresos mes de ago-sep-2025
A12: 7 | B12: Autorizar los pagos en el portal bancario, transferencias que se prepararon de acuerdo a la fuente de financiación y soportados por la causación correspondiente, en los horarios establecidos según banco origen. | D12: H | F12: Tesorera General | G12: Firma Comprobante Egreso | H12: SERIE: COMPROBANTES CONTABLES SUBSERIE: Comprobantes de egreso | I12: 3 firmas en los comprobantes de egreso
A13: 8 | B13: Revisar transferencias bancarias realizadas, para pago de obligaciones del Municipio, en cada portal bancario. | D13: V | F13: Funcionario Asignado por la Tesorera General Profesional Universitario (Asignado para Caja General) | G13: Pago Exitoso | H13: SERIE: COMPROBANTES CONTABLES SUBSERIE: Comprobantes de egreso
A14: 9 | B14: Hacer seguimiento mensual, del comportamiento de preparación de cuentas para transferencias requeridas desde las cuentas bancarias, con el fín de dar cumplimiento a las obligaciones que se deben pagar a Proveedores y Contratistas, según los horarios establecidos por la Tesorería Municipal. | D14: V | F14: Jefe de Ingresos Tesorera General Profesional Universitario (Asignado para Caja General) | G14: Acta de Reunión (Equipo Financiero) | H14: SERIE: N/A SUBSERIE: N/A | I14: Egresos mes de ago-sep-2025
A15: 10 | B15: Presentar ajustes de horarios, acciones de mejora o recomendaciones que permitan elevar el nivel de eficacia, de acuerdo a las tareas realizadas y confrontadas con la planificación referida. | D15: A | F15: Jefe de Ingresos Tesorera General Profesional Universitario (Asignado para Caja General) | G15: Acta de Reunión (Equipo Financiero) | H15: SERIE: N/A SUBSERIE: N/A
A17: Recursos: Equipo de Oficina – Equipo de Cómputo-- Recurso Humano Documentación Aplicada: Decreto 111 de 1996, ISO 9001:2015, Acuerdo 181/2020. Decreto 264/2018 art. 40 - Númeral B. ley 489/1998, Ley 1474/2011, ley 001/1990, decreto 133/2001,
A19: Operación: b. Caja General - Rgistro de Recaudo Recibido en Cuentas Bancarias
A20: 1 | B20: Programar horarios para el registro del recaudo recibido en las cuentas bancarias del Municipio de Armenia, y establecer aplicación de migración necesaria entre los sistemas financieros a cargo de la Tesorería Muncipal. | D20: P | F20: Jefe de Ingresos Tesorera General Profesional Universitario (Asignado para Caja General) | G20: Acta de Reunión (Equipo Financiero) | H20: SERIE: COMPROBANTES CONTABLES SUBSERIE: Comprobantes de ingreso
A21: 2 | B21: Realizar el registro de recaudo recibido en cuentas bancarias, en los horarios establecidos en la etapa de planeación. | D21: H | F21: Funcionario Asignado (Area Financiera) | G21: Repore de Registros Sistemas Tesorería
A22: 3 | B22: Aplicar la migración requerida entre los sistemas financieros del Municipio de Armenia, según los horarios establecidos en la etapa de planeacón de esta operación. | D22: H | E22: Cargar los ingresos de rentas mensual al sistema | F22: Funcionario Asignado por la Tesorera General | G22: Migración Aplicada Evidencia punto de control: Registro ingreso de renta mensual
A23: 4 | B23: Hacer seguimiento semanal del estado de registro y migración de datos, de los valores recibidos en bancos, para verificar el cumplimiento del registro de los ingresos en los horarios planeados. | D23: V | F23: Jefe de Ingresos Tesorera General Profesional Universitario (Asignado para Caja General) | G23: Herramienta de Excel
A24: 5 | B24: Entregar resultado de seguimiento mensual, y presentar propuestas de mejoramiento o ajuste en situaciones que no coinsidan con la meta esperada. | D24: A | F24: Cajero(a) General, Jefe de Oficina (Jefatura de Ingresos). | G24: Informe Resultados
A26: Recursos: Equipo de Oficina – Equipo de Cómputo-- Recurso Humano Documentación Aplicada: Decreto 111 de 1996, ISO 9001:2015. Acuerdo 017 de 2012 Estatuto Tributario Municipal, Decreto 1499 de 2017.
A28: Elaborado por: | D28: Revisado por: | G28: Aprobado por:
A29: LINA MARCELA GRISALES GÓMEZ Enlace de Proceso | D29: NICOLAS MARTINEZ SANCLEMENTE Líder de Proceso | G29: Comité Operativo

Sheet 14.4.2 Liquidación y fiscaliz
F1: =+'Procesos y Actividades'!M2 -> Código: M-SH-PGF-002 | G1: =+'Procesos y Actividades'!M3 -> Fecha: 08/05/2026 | H1: =+'Procesos y Actividades'!M4 -> Versión: 005
A2: # | B2: Tareas | D2: PHVA | E2: Punto de Control | F2: Responsable | G2: Registro/Evidencias | H2: Serie y subserie
A3: Actividad: 14.4 Gestión de Ingresos
A4: 14.4.2 Liquidación y fiscalización
A5: Operación: a. Declaraciones de impuesto de Industria y Comercio - Contribuyentes
A6: 1 | B6: Determinar los plazos para que los contribuyentes presenten y paguen las declaraciones correspondiente al impuesto Industria y Comercio. | D6: P | F6: Secretario de Hacienda Jefe de Ingresos Profesional Especializado Profesional Universitario - Funcionarios de Apoyo (Industria y comercio) | G6: Calendario Tributario | H6: SERIE: PROCESOS SUBSERIE: Procesos de embargos SERIE: PROCESOS DE COBRO COACTIVO
A7: 2 | B7: Establecer los medios mediante los cuales los contribuyentes, pueden presentar y pagar sus declaraciones de impuesto Industria y Comercio | D7: P | F7: Tesorera General Profesional Especializado Profesional Universitario | G7: Calendario Tributario
A8: 3 | B8: Identificar los contribuyentes omisos, que no presentaron la declaración de INDUCOM en los plazos establecidos en el calendario tributario, e iniciar la expedición de resolución sanción correspondiente. | D8: H | E8: Validación con el sistema de información del cumplimiento de la información del período gravable 2024 | F8: Profesional Especializado Profesional Universitario Funcionarios de Apoyo (Industria y comercio) | G8: Acto Administrativo Registro de Resoluciones en excel Evidencia control: Segunda invitación a declarar 2024
A9: 4 | B9: Atender los recursos recibidos de reconsideracion recibidos contra las resoluciones que imponen sanción por no declarar INDUCOM. | D9: H | F9: Profesional Especializado Profesional Universitario Funcionarios de Apoyo (Industria y comercio) | G9: Registro de Resoluciones Actualizada
A10: 5 | B10: Identificar las resoluciones ejecutoriadas y en firme, para iniciar cobro coactivo. | D10: H | F10: Profesional Universitario Funcionarios de Apoyo (Industria y comercio) | G10: Relación Resoluciones Trasladadas en físico a Ejecuciones Fiscales
A11: 6 | B11: Realizar seguimiento al cumplimiento de la presentación de declaración de Impuesto de Industria y Comercio, según lo registrado en el calendario tributario, informando cantidades y su estado. | D11: V | F11: Profesional Especializado Profesional Universitario Funcionarios de Apoyo (Industria y comercio) | G11: Informe de Getión
A12: 7 | B12: Formular y ejecutar acciones correctivas y preventivas de mejora, para atender las no conformidades o hallazgos observados en reunión trimestral de seguimiento de la operación. | D12: A | F12: Profesional Especializado Profesional Universitario Funcionarios de Apoyo (Industria y comercio) | G12: Informe de Acción de Mejora
A14: Recursos: Equipo de Oficina –Equipo de Cómputo-- Recurso Humano Documentación Aplicada: Estatuto Tributario Nacional, Acuerdo 017 de 2012, Constitución Política – Código de Procedimiento Administrativo y de lo Contencioso administrativo, ISO 9001:2015, Decreto 1499 de 2017, Calendario tributario vigente.
A16: Operación: b. Liquidaciónes Impuesto Predial y Complementarios
A17: 1 | B17: Definir criterios de parametrización del sistema, para llevar a cabo el procedimiento de liquidación oficial y expedición de facturas del impuesto predial. | D17: P | E17: Revisar la ficha técnica de liquidación de predial | F17: Jefe de Ingresos Tesorera General Profesional Especializado - Liquidación Profesional Universitario - Asignado para Predial | G17: Acta de Reunión Evidencia punto de control: ficha técnica de liquidación de predial | H17: SERIE: N/A SUBSERIE: N/A
A18: 2 | B18: Parametrizar el sistema de liquidación de predial, de acuerdo a los parametros establecidos en la reunión de planificación. | D18: H | F18: Administradores del Sistema Ingeniero de Sistemas, Asignado por la Tesorera General | G18: Ficha Técnica con parametrización realizada (proveedor del sistema). | H18: SERIE: N/A SUBSERIE: N/A
A19: 3 | B19: Realizar pruebas aleatorias sobre la liquidación que aplica el sistema de la tesoreria municipal | D19: H | F19: Profesional Especializado - Liquidación Profesional Universitario - Asignado para Predial | G19: Liquidaciones de Prueba | H19: SERIE: N/A SUBSERIE: N/A
A20: 4 | B20: Expedir la cuenta de cobro oficial, de acuerdo a los tiempos establecidos en reunión de planificación | D20: H | F20: Profesional Especializado - Liquidación Profesional Universitario - Asignado para Predial Ingeniero de Sistemas Asignado por la Tesorera General Personal Tecnico y Asistencial de Apoyo, Asignado | G20: Factura Expedida | H20: SERIE: N/A SUBSERIE: N/A
A21: 5 | B21: Verificar el cumplimiento de los criterios establecidos en la reunión de planificación. | D21: V | F21: Jefe de Ingresos Profesional Especializado - Liquidación Profesional Universitario - Asignado para Predial Ingeniero de Sistemas Asignado por la Tesorera General | G21: Informe de Seguimiento y Control | H21: SERIE: N/A SUBSERIE: N/A
A22: 6 | B22: Formular acciones correctivas y de mejora, para atender las novedades registradas en el informe de seguimiento y control. | D22: A | F22: Profesional Especializado - Liquidación Profesional Universitario - Asignado para Predial | G22: POLICYMEMO | H22: SERIE: N/A SUBSERIE: N/A
A24: Recursos: Equipo de Oficina – Equipo de Cómputo - Recurso Humano. Documentación Aplicada: Estatuto Tributario Nacional, Acuerdo 017 de 2012, Código de Procedimiento Administrativo y de lo Contencioso administrativo . Instructivo de Paz y Salvo, ISO 9001:2015, Decreto 1499 de 2017.
A26: Operación: c. Fiscalización Tributos e Ingresos Tesorería Municipal
A27: 1 | B27: Identificar los tributos e ingresos que deben ser fiscalizados por la Tesorería Municipal durante cada vigencia. | D27: P | E27: Verificar que esten la totalidad de los tributos en el software | F27: Jefe de Ingresos (Tesorera y Profesional Especializado) Profesional Universitario Asignado por áreas | G27: Acta de reunión Evidencia punto de control: Pantallazo del software de identificación de los tributos | H27: SERIE: PROGRAMAS SUBSERIE: Programas de fiscalización
A28: 2 | B28: Elaborar registro (Listado) de los tributos e ingresos de la tesorería Municpal, que deben ser fiscalizados en el periodo anual | D28: H | F28: Profesional Universitario | G28: Listado Tributos e Ingresos a fiscalizar
A29: 3 | B29: Diseñar, elaborar e implementar, cronograma de tributos e ingresos que deben ser fiscalizados en el periodo anual. | D29: H | F29: Profesional Universitario (Apoyo personal contratistas) | G29: Cronograma Aprobado
A30: 4 | B30: Realizar seguimiento y verificación trimestral al cronograma de fiscalización de los tributos e ingresos a cargo de la Tesorería Municipal. | D30: V | F30: Jefe de Ingresos (Tesorera y Profesional Especializado) Profesional Universitario de cada área (Apoyo personal contratistas) | G30: Acta de reunión
A31: 5 | B31: Analizar y tomar decisiones de acuerdo a los resultados de reunión de verificación, y presentar propuesta de mejoramiento si es necesario. | D31: A | F31: (Tesorera y Profesional Especializado) Profesional Universitario | G31: Propuesta de Mejoramiento
A33: Recursos: Equipo de Oficina - Equipo de Cómputo - Recurso Humano Documentación Aplicada: Normatividad vigente Plan de acción, ISO 9001:2015, Decreto 1499 de 2017.
A36: Elaborado por: | D36: Revisado por: | G36: Aprobado por:
A37: LINA MARCELA GRISALES GÓMEZ Enlace de Proceso | D37: NICOLAS MARTINEZ SANCLEMENTE Líder de Proceso | G37: Comité Operativo

Sheet 14.4.3 Ejecuciones Fiscales
F1: =+'Procesos y Actividades'!M2 -> Código: M-SH-PGF-002 | G1: =+'Procesos y Actividades'!M3 -> Fecha: 08/05/2026 | H1: =+'Procesos y Actividades'!M4 -> Versión: 005
A2: # | B2: Tareas | D2: PHVA | E2: Punto de Control | F2: Responsable | G2: Registro/Evidencias | H2: Serie y subserie
A3: Actividad: 14.4 Gestión de Ingresos
A4: 14.4.3. Ejecuciones Fiscales
A5: Operación: a. Recuperación de Cartera
A6: 1 | B6: Determinar las acciones, criterios y parámetros que permitan iniciar el cobro coactivo de los terceros reportados por las dependencias del Municipio de Armenia a la oficina de ejecuciones fiscales, por el no pago de las obligaciones tributarias correspondientes. | D6: P | F6: Jefe de oficina (Jefatura de Ingresos). Tesorero(a) General Profesional Universitario o Especilizado (Ejecuciones Fiscales) | G6: Acta de Reunión | H6: SERIE: PROCESOS SUBSERIE: Procesos de embargos SERIE: PROCESOS DE COBRO COACTIVO
A7: 2 | B7: Elaborar, Firmar y Expedir circular desde la oficina de ejecuciones fiscales, dirigida a todas las dependencias de la Administración Municipal, informando todos los criterios registrados en acta de reunión de planificación. | D7: H | F7: Tesorero(a) General Profesional Universitario Ejecuciones Fiscales Jefe de oficina (Jefatura de Ingresos). | G7: Circular Informativa
A8: 3 | B8: Recibir y registrar en herramienta excel, expedientes de terceros a quienes se debe analizar estado de obligación tributraria con el Municipio de Armenia. | D8: H | F8: Funcionario Designado por Jefe de Ingresos Profesional Universitario o Especializado Ejecuciones Fiscales Apoyo de Contratistas del área | G8: Reporte Excel Terceros Reportados
A9: 4 | B9: Realizar estudios de titulo ejecutivo para iniciar cobro o devolución para el cumplimento de los requisitos. | D9: H | F9: Profesional Universitario o Especializado de Ejecuciones Fiscales Contratistas Asignados Jefe de Ingresos | G9: Expedientes físicos Excel de reportes Actulizado
A10: 5 | B10: Efectuar estudios y elaboración de embargos y consiguientemente dar orden para la continuación del proceso. | D10: H | F10: Tesorero(a) General Profesional Universitario o Especializado de Ejecuciones Fiscales Jefe de oficina (Jefatura de Ingresos). | G10: Expedientes físicos Excel de reportes Actulizado
A11: 6 | B11: Expedición de la notificación de constancia de ejecutoria de los mandamientos de pago. | D11: H | F11: Tesorero(a) General Profesional Universitario o Especializado de Ejecuciones Fiscales | G11: Constancia de ejecutoria
A12: 7 | B12: Suscribir los acuerdos de pago solicitados por los contribuyentes, y aprobados por la Administración Municipal para el pago de las obligaciones tributarias. | D12: H | E12: Revisar base de datos de resoluciones de acuerdos de pago | F12: Tesorero(a) General Profesional Universitario Ejecuciones Fiscales | G12: Acto Administrativo AP Registro en Sistema Excel reportes actualizado Evidencia control: base de datos de resoluciones de acuerdos de pago
A13: 8 | B13: Elaborar la liquidación del crédito y expedir resolución de ejecución del proceso de cobro coactivo. (la liquidación de la obligación y el pago de la misma, se puede efectuar en cualquier momento, sin importantar la etapa procesal que lleve adelanto el cobro coactivo). | D13: H | F13: Tesorero(a) General Profesional Universitario o especializado de Ejecuciones Fiscales Jefe de oficina (Jefatura de Ingresos). | G13: Resolución Ejecutoriada Excel reportes actualizado
A14: 9 | B14: Hacer seguimiento a las tareas realizadas y los resultados obtenidos, mediante reunión trimestral de evaluación de esta operación. | D14: V | F14: Tesorero(a) General Profesional Universitario o especializado de Ejecuciones Fiscales Jefe de oficina (Jefatura de Ingresos). | G14: Lista de Asitencia Informe Resultado Reunión
A15: 10 | B15: Formular y ejecutar acciones correctivas y preventivas de mejora, para atender las no conformidades o hallazgos observados en reunión trimestral de seguimiento de la operación. | D15: A | F15: Tesorero(a) General Profesional Universitario Ejecuciones Fiscales Jefe de oficina (Jefatura de Ingresos). | G15: Informe Resultado Seguimiento
A17: Recursos: Equipo de Oficina –Equipo de Cómputo-- Recurso Humano Documentación Aplicada: Estatuto Tributario Nacional, Decreto 015 de 2017, Decreto 011 de 2007, Ley 1437/11, Código General del Proceso, ISO 9001:2015, Decreto 1499 de 2017. - Manual Cobro Coactivo cod. M-SH-PGF-003.
A20: Elaborado por: | D20: Revisado por: | G20: Aprobado por:
A21: LINA MARCELA GRISALES GÓMEZ Enlace de Proceso | D21: NICOLAS MARTINEZ SANCLEMENTE Líder de Proceso | G21: Comité Operativo
